Workbook
Name sub_663: 'Смета, Таблица 5.1'!$A$62
Name sub_664: 'Смета, Таблица 5.1'!$A$63
Name sub_665: 'Смета, Таблица 5.1'!$A$64
Name sub_666: 'Смета, Таблица 5.1'!$A$65
Name sub_667: 'Смета, Таблица 5.1'!$A$66
Name sub_668: 'Смета, Таблица 5.1'!$A$61
Name sub_669: 'Смета, Таблица 5.1'!$A$60
Name sub_670: 'Смета, Таблица 5.1'!$A$55
Name sub_671: 'Смета, Таблица 5.1'!$A$48
Name sub_672: 'Смета, Таблица 5.1'!$A$7

Sheet Перечень
B1: Перечень | F1: Перечень
F3: ТОМ I
A5: №п/п | B5: Наименование | C5: Страница | E5: №п/п | F5: Наименование | G5: Страница
A6: 1 | B6: Письмо мэрии № 3/30-6357 от 28.07.2020 | C6: 1 | E6: 1 | F6: Основные производственные показатели регулируемой организации, приложение 3.1 | G6: 1
A7: 2 | B7: Основные производственные показатели регулируемой организации, приложение 3.1 | C7: 2 | E7: 2 | F7: Расчет полезного отпуска тепловой энергии, приложение 4.1 | G7: 2
A8: 3 | B8: Расчет полезного отпуска тепловой энергии, приложение 4.1 | C8: 3 | E8: 3 | F8: Структура полезного отпуска ТЭ (мощности), приложение 4.3 | G8: 4
A9: 4 | B9: Структура полезного отпуска ТЭ (мощности), приложение 4.3 | C9: 4 | E9: 4 | F9: Расчет расхода топлива по котельным, приложение 4.4 | G9: 5
A10: 5 | B10: Расчет расхода топлива по котельным, приложение 4.4 | C10: 5 | E10: 5 | F10: Расчет баланса топлива, приложение 4.5 | G10: 6
A11: 6 | B11: Расчет баланса топлива, приложение 4.5 | C11: 6 | E11: 6 | F11: Расходы на прочие покупаемые энергетические ресурсы, приложение 4.7 | G11: 7
A12: 7 | B12: Расходы на прочие покупаемые энергетические ресурсы, приложение 4.7 | C12: 7 | E12: 7 | F12: Расходы на приобретение холодной воды и теплоносителя, приложение 4.8 | G12: 9
A13: 8 | B13: Расходы на приобретение холодной воды и теплоносителя, приложение 4.8 | C13: 8 | E13: 8 | F13: Расчет расходов на оплату труда, приложение 4.9 | G13: 10
A14: 9 | B14: Расчет расходов на оплату труда, приложение 4.9 | C14: 9 | E14: 9 | F14: Расчет амортизационных отчислений, приложение 4.10 | G14: 12
A15: 10 | B15: Расчет амортизационных отчислений, приложение 4.10 | C15: 10 | E15: 10 | F15: Смета расходов, приложение 1 | G15: 14
A16: 11 | B16: Смета расходов, приложение 1 | C16: 12 | E16: 11 | F16: Смета расходов на передачу ТЭ, приложение 1 | G16: 16
A17: 12 | B17: Смета расходов на передачу ТЭ, приложение 1 | C17: 14 | E17: 12 | F17: Смета расходов на сбыт ТЭ, приложение 1 | G17: 17
... A23: 18 | B23: Расчет необходимой валовой выручки методом индексации установленных тарифов, приложение 5.9 | C23: 21 | E23: 18 | F23: Расчет регулируемых цен (тарифов), приложение 6.1 | G23: 29
A24: 19 | B24: Расчет регулируемых цен (тарифов), приложение 6.1 | C24: 22
A27: 19 | B27: Приказ о вступлении в должность | C27: 26 | E27: 19 | F27: Устав | G27: 30
A28: 20 | B28: Решение №16 | C28: 27 | E28: 20 | F28: Свидетельства | G28: 32
A29: 21 | B29: Устав | C29: 28 | E29: 21 | F29: Сведения о тех.безопастности опасного объекта | G29: 38
A30: 22 | B30: Свидетельства | C30: 39 | E30: 22 | F30: Приказ о вступлении в должность | G30: 41
A31: 23 | B31: Сведения о тех.безопастности опасного объекта | C31: 41 | E31: 23 | F31: Решение №16 | G31: 42
A32: 24 | B32: Методика ведения раздельного учета | C32: 49 | E32: 24 | F32: Уведомление о размере страховых взносов на обязательное медицинское страхование от несчастных случаев на производстве и профессиональных заболеваний | G32: 43
A33: 25 | B33: Свидетельства | C33: 50 | E33: 25 | F33: Методика Ведения раздельного учета | G33: 45
A34: 26 | B34: Страховка | C34: 55 | E34: 26 | F34: Бухгалтерский баланс | G34: 46
A35: 27 | B35: Бухгалтерский баланс | C35: 57 | E35: 27 | F35: Страховка | G35: 51
A36: 28 | B36: Форма №22 ЖКХ | C36: 62 | E36: 28 | F36: Форма №1-46 | G36: 53
A37: 29 | B37: Форма №1-ТЕП | C37: 70 | E37: 29 | F37: Форма №1-предприятие | G37: 54
A38: 30 | B38: Форма №1-46 | C38: 79 | E38: 30 | F38: Форма №22 ЖКХ | G38: 60
... A50: 42 | B50: Договора, дополнительные соглашения со стронними организациями на выполнение работ,услуг производственного характера | C50: 123 | E50: 42 | F50: Договора, акты, счета-фактуры на выполненые работы со сторонними организациями | G50: 250
A52: 43 | B52: Договор аренды столовой, акт | C52: 140
A53: 44 | B53: Договора, контракты со сторонними потребителями ГВС и ТЭ | C53: 148
B55: Перечень | F55: Перечень
B57: ТОМ II | F57: ТОМ II
A59: №п/п | B59: Наименование | C59: Страница | E59: №п/п | F59: Наименование | G59: Страница
A60: 1 | B60: Договора, контракты со сторонними потребителями ГВС и ТЭ | C60: 226 | E60: 1 | F60: Договор электроснабжения, доп.соглашение | G60: 286
A61: 2 | B61: Перечень сторонних потребителей | C61: 271 | E61: 2 | F61: Договор поставки газа | G61: 299
A62: 3 | B62: Договор поставки газа | C62: 272 | E62: 3 | F62: Счета-фактуры, акты за воду | G62: 325
A63: 4 | B63: Счета-фактуры за газ, товарные накладные, акты и приложения | C63: 294 | E63: 4 | F63: Договор по оказанию услуг по передаче ТЭ | G63: 341
A64: 5 | B64: Договор электроснабжения | C64: 321 | E64: 5 | F64: Счета-фактуры за электрическую энергию | G64: 378
A65: 6 | B65: Счета-фактуры за электрическую энергию | C65: 341 | E65: 6 | F65: Справка потребления электроэнергии по ООО «ЯФВО» по участкам | G65: 405
A66: 7 | B66: Справки потребления электроэнергии по ООО «ЯФВО» по участкам | C66: 375 | E66: 7 | F66: Договор на отпуск питьевой воды и прием сточных вод в коммунальную канализацию | G66: 417
A67: 8 | B67: Договор на отпуск питьевой воды и прием сточных вод в коммунальную канализацию | C67: 387 | E67: 8 | F67: Счета-фактуры за газ, товарные накладные, акты и приложения | G67: 425
A68: 9 | B68: Счета-фактуры, акты за воду | C68: 395 | E68: 9 | F68: Справка о потреблении воды котельной для выработки ТЭ | G68: 474
A69: 10 | B69: Справка о потреблении воды котельной для выработки ТЭ | C69: 418 | E69: 10 | F69: Технические отчеты | G69: 476
A70: 11 | B70: Договор по оказанию услуг по передаче ТЭ | C70: 419 | E70: 11 | F70: Схема сетей | G70: 483
B74: Перечень | F74: Перечень
B76: ТОМ III | F76: ТОМ III
A78: №п/п | B78: Наименование | C78: Страница | E78: №п/п | F78: Наименование | G78: Страница
A79: 1 | B79: Производственные программы | C79: 454 | E79: 1 | F79: Перечень потребителей ТЭ И ГВС | G79: 334
A80: 2 | E80: 2 | F80: Договора с потребителями ТЭ и ГВС | G80: 335
A81: 3 | E81: 3 | F81: Экспертиза промышленной безопастности котлов | G81: 488
A82: 4 | E82: 4 | F82: Технический отчет по режимной наладке водоподготовительной установки и водно-химического режима паровых котлов | G82: 533
A83: 5 | E83: 5 | F83: Схема сетей | G83: 541
B87: Перечень | F87: Перечень
B89: ТОМ IV | F89: ТОМ IV
A91: №п/п | B91: Наименование | C91: Страница | E91: №п/п | F91: Наименование | G91: Страница
A92: 1 | B92: Производственная программа в сфере горячего водоснабжения | C92: 441 | E92: 1 | F92: Производственная программа в сфере горячего водоснабжения | G92: 441
A93: 2 | B93: Производственная программа по энергосбережению | C93: 444 | E93: 2 | F93: Производственная программа по энергосбережению | G93: 444
B98: Расчет тарифов на тепловую энергию. Факт 2021г.
B99: Период регулирования 2023-2027гг.
B100: Дополнительная информация, письма, запросы
A111: Дополнительные материалы для установления тарифов на ТЭ и горячее водоснабжение 2021-2023 гг.
B118: ООО «Ярославская фабрика валяной обуви» | F118: ООО «Ярославская фабрика валяной обуви»
B128: Производственная программа в сфере горячего водоснабжения | F128: Производственная программа в сфере горячего водоснабжения
B132: Том III | F132: Том III
A139: Перечень | E139: Перечень
A143: №п/п | B143: Наименование | C143: Страница | E143: №п/п | F143: Наименование | G143: Страница
A144: 1 | B144: Данные о фактическом полезном отпуске ТЭ за 2016-2018 г. | C144: 1 | E144: 1 | F144: Данные о фактическом полезном отпуске ТЭ за 2016-2018 г. | G144: 1
A145: 2 | B145: Помесячный план отпуска ТЭ на 2020 г. в разрезе потребителей | C145: 4 | E145: 2 | F145: Помесячный план отпуска ТЭ на 2020 г. в разрезе потребителей | G145: 4
A146: 3 | B146: Приказ об установлении скидки к страховому тарифу на обязательное социальное страхование от несчастных случаев на производстве и профессиональных заболеваний | C146: 5 | E146: 3 | F146: Приказ об установлении скидки к страховому тарифу на обязательное социальное страхование от несчастных случаев на производстве и профессиональных заболеваний | G146: 5
A147: 4 | B147: Уведомление о размере страховых взносов на обязательное медицинское страхование от несчастных случаев на производстве и профессиональных заболеваний | C147: 6 | E147: 4 | F147: Уведомление о размере страховых взносов на обязательное медицинское страхование от несчастных случаев на производстве и профессиональных заболеваний | G147: 6
A148: 5 | B148: Страховой полис обязательного страхования гражданской ответственности | C148: 8 | E148: 5 | F148: Страховой полис обязательного страхования гражданской ответственности | G148: 8
A149: 6 | B149: Свидетельство о регистрации | C149: 9 | E149: 6 | F149: Свидетельство о регистрации | G149: 9
A150: 7 | B150: Сведения характеризующий опасный производственный объект | C150: 10 | E150: 7 | F150: Сведения характеризующий опасный производственный объект | G150: 10
A151: 8 | B151: Амортизационная ведомость за 2018 год в разрезе оборудования на которое начисляется амортизация | C151: 13 | E151: 8 | F151: Амортизационная ведомость за 2018 год в разрезе оборудования на которое начисляется амортизация | G151: 13
A152: 9 | B152: Производственная программа пл энергосбережению и повышению энергоэффективности ООО «ЯФВО» на 2019 год | C152: 16 | E152: 9 | F152: Производственная программа пл энергосбережению и повышению энергоэффективности ООО «ЯФВО» на 2019 год | G152: 16

Sheet Таблица 3.1
A1: Приложение 3.1
A4: Основные производственные показатели регулируемой организации
A6: № | B6: Показатели | C6: Единица измерения | D6: Факт 2022 года | E6: Период регулирова-ния 2023 год | F6: Период регулирова-ния 2024 год | G6: Период регулирова-ния 2025 год | H6: Период регулирова-ния 2026 год | I6: Период регулирова-ния 2027 год
A7: п/п
A8: 1 | B8: 2 | C8: 3 | D8: 4 | G8: 5 | H8: 5 | I8: 5
A9: 1 | B9: Протяженность тепловых сетей в 2-трубном исчислении, в том числе: | C9: км | D9: 1.6 | E9: 1.6 | F9: 1.6 | G9: 1.6 | H9: 1.6 | I9: 1.6
A10: 1.1. | B10: Надземная (наземная) прокладка | C10: км | D10: 1.6 | E10: 1.6 | F10: 1.6 | G10: 1.6 | H10: 1.6 | I10: 1.6
A11: 1.1.1 | B11: 50-250 мм | C11: км | D11: 1.6 | E11: 1.6 | F11: 1.6 | G11: 1.6 | H11: 1.6 | I11: 1.6
A12: 1.1.2 | B12: 251-400 мм | C12: км
A13: 1.1.3 | B13: 401-550 мм | C13: км
A14: 1.1.4 | B14: 551-700 мм | C14: км
A15: 1.1.5 | B15: 701 мм и выше | C15: км
A16: 1.2 | B16: Подземная прокладка, в том числе: | C16: км
A17: 1.2.1 | B17: канальная прокладка | C17: км
A18: 1.2.1.1 | B18: 50-250 мм | C18: км
A19: 1.2.1.2 | B19: 251-400 мм | C19: км
A20: 1.2.1.3 | B20: 401-550 мм | C20: км
A21: 1.2.1.4 | B21: 551-700 мм | C21: км
A22: 1.2.1.5 | B22: 701 мм и выше | C22: км
A23: 1.2.2 | B23: бесканальная прокладка | C23: км
... A28: 1.2.2.5 | B28: 701 мм и выше | C28: км
A29: 2 | B29: Источники тепловой энергии с установленной генерирующей мощностью 25 МВт и более
A30: 2.1 | B30: Источник тепловой энергии 1
A31: 2.1.1 | B31: Установленная тепловая мощность 1 источника тепловой энергии | C31: Гкал/ч
A32: … | B32: и т.д.
A33: 3 | B33: Источники тепловой энергии с установленной генерирующей мощностью менее 25 МВт | D33: 1 | E33: 1 | F33: 1 | G33: 1 | H33: 1 | I33: 1
A34: 3.1. | B34: Источник тепловой энергии 1 | D34: 1 | E34: 1 | F34: 1 | G34: 1 | H34: 1 | I34: 1
A35: 3.1.1 | B35: Установленная тепловая мощность 1 источника тепловой энергии | C35: Гкал/ч | D35: 9.6 | E35: 9.6 | F35: 9.6 | G35: 9.6 | H35: 9.6 | I35: 9.6
A36: … | B36: и т.д.
A37: 4 | B37: Суммарная установленная мощность источников тепловой энергии | C37: Гкал/ч | D37: 9.6 | E37: 9.6 | F37: 9.6 | G37: 9.6 | H37: 9.6 | I37: 9.6
A38: 4.1 | B38: в т.ч. ТЭЦ 25 МВт и более | C38: Гкал/ч
A39: 4.2 | B39: ТЭЦ менее 25 МВт
A40: 4.3. | B40: котельные | C40: Гкал/ч
A41: 4.4. | B41: электробойлерные | C41: Гкал/ч
A43: Бухгалтер Сергеева Д.М.
A47: Примечание: заполняется по каждой системе теплоснабжения, если при установлении цен (тарифов) применяется такая дифференциация.

Sheet Таблица 4.1
A1: Приложение 4
A2: к Методическим указаниям
A3: утвержденным приказом ФСТ России
A4: от «13» июля 2013 г. № 760-э
A6: Формирование необходимой валовой выручки методом экономически обоснованных расходов
AJ7: Формирование необходимой валовой выручки методом экономически обоснованных расходов
A10: Расчет полезного отпуска тепловой энергии
A12: № | B12: Показатели | C12: Факт 2022 года | K12: Период регулирования 2024 год | S12: Период регулирования 2025год | AA12: Период регулирования 2026 год | AI12: Период регулирования 2027 год | AQ12: Период регулирования 2028 год
A13: п/п | C13: всего | D13: в том числе | K13: всего | L13: в том числе | S13: всего | T13: в том числе | AA13: всего | AB13: в том числе | AI13: всего | AJ13: в том числе | AQ13: всего | AR13: в том числе
D14: вода | E14: отборный пар | F14: в том числе | L14: вода | M14: отборный пар | N14: в том числе | T14: вода | U14: отборный пар | V14: в том числе | AB14: вода | AC14: отборный пар | AD14: в том числе | AJ14: вода | AK14: отборный пар | AL14: в том числе | AR14: вода | AS14: отборный пар | AT14: в том числе
F15: 1,2 - 2,5 кгс/см21,2 - 2,5 кгс/см2 | G15: 2,5 - 7,0 кгс/см22,5 - 7,0 кгс/см2 | H15: 7,0 - 13,0 кгс/см27,0 - 13,0 кгс/см2 | I15: > 13 кгс/см2> 13 кгс/см2 | J15: острый и редуциро- ванный пар | N15: 1,2 - 2,5 кгс/см21,2 - 2,5 кгс/см2 | O15: 2,5 - 7,0 кгс/см22,5 - 7,0 кгс/см2 | P15: 7,0 - 13,0 кгс/см27,0 - 13,0 кгс/см2 | Q15: > 13 кгс/см2> 13 кгс/см2 | R15: острый и редуциро- ванный пар | V15: 1,2 - 2,5 кгс/см21,2 - 2,5 кгс/см2 | W15: 2,5 - 7,0 кгс/см22,5 - 7,0 кгс/см2 | X15: 7,0 - 13,0 кгс/см27,0 - 13,0 кгс/см2 | Y15: > 13 кгс/см2> 13 кгс/см2 | Z15: острый и редуциро- ванный пар | AD15: 1,2 - 2,5 кгс/см21,2 - 2,5 кгс/см2 | AE15: 2,5 - 7,0 кгс/см22,5 - 7,0 кгс/см2 | AF15: 7,0 - 13,0 кгс/см27,0 - 13,0 кгс/см2 | AG15: > 13 кгс/см2> 13 кгс/см2 | AH15: острый и редуциро- ванный пар | AL15: 1,2 - 2,5 кгс/см21,2 - 2,5 кгс/см2 | AM15: 2,5 - 7,0 кгс/см22,5 - 7,0 кгс/см2 | AN15: 7,0 - 13,0 кгс/см27,0 - 13,0 кгс/см2 | AO15: > 13 кгс/см2> 13 кгс/см2 | AP15: острый и редуциро- ванный пар | AT15: 1,2 - 2,5 кгс/см21,2 - 2,5 кгс/см2 | AU15: 2,5 - 7,0 кгс/см22,5 - 7,0 кгс/см2 | AV15: 7,0 - 13,0 кгс/см27,0 - 13,0 кгс/см2 | AW15: > 13 кгс/см2> 13 кгс/см2 | AX15: острый и редуциро- ванный пар
A16: 1 | B16: 2 | C16: 3 | D16: 4 | E16: 4 | F16: 6 | G16: 5 | H16: 6 | I16: 6 | J16: 8 | K16: 6 | L16: 10 | M16: 7 | N16: 12 | O16: 8 | P16: 14 | Q16: 9 | R16: 16 | S16: 9 | T16: 18 | U16: 10 | V16: 12 | W16: 11 | X16: 14 | Y16: 12 | Z16: 16 | AA16: 12 | AB16: 18 | AC16: 13 | AD16: 12 | AE16: 14 | AF16: 14 | AG16: 15 | AH16: 16 | AI16: 15 | AJ16: 18 | AK16: 16 | AL16: 12 | AM16: 17 | AN16: 14 | AO16: 18 | AP16: 16 | AQ16: 18 | AR16: 18 | AS16: 19 | AT16: 12 | AU16: 20 | AV16: 14 | AW16: 21 | AX16: 18
A17: 1 | B17: Отпуск тепловой энергии, поставляемой с коллекторов источника тепловой энергии, всего | C17: 12.43 | D17: 12.43 | E17: 12.43 | F17: 12.43 | G17: 12.43 | H17: =H26+H27 -> 0 | I17: =I26+I27 -> 0 | J17: =J26+J27 -> 0 | K17: 11 | L17: =L26+L27 -> 0 | M17: =K17 -> 11 | N17: =N26+N27 -> 0 | O17: =K17 -> 11 | P17: =P26+P27 -> 0 | Q17: =Q26+Q27 -> 0 | R17: =R26+R27 -> 0 | S17: 10.95 | T17: =T26+T27 -> 0 | U17: =S17 -> 10.95 | V17: =V26+V27 -> 0.156 | W17: =S17 -> 10.95 | X17: =X26+X27 -> 0 | Y17: =Y26+Y27 -> 0 | Z17: =Z26+Z27 -> 0 | AA17: 10.9 | AB17: =AB26+AB27 -> 0 | AC17: =AA17 -> 10.9 | AD17: =AD26+AD27 -> 0 | AE17: =AA17 -> 10.9 | AF17: =AF26+AF27 -> 0 | AG17: =AG26+AG27 -> 0 | AH17: =AH26+AH27 -> 0 | AI17: 10.85 | AJ17: =AJ26+AJ27 -> 0 | AK17: =AK26+AK27 -> 10.85 | AL17: =AL26+AL27 -> 0 | AM17: =AM26+AM27 -> 10.85 | AN17: =AN26+AN27 -> 0 | AO17: =AO26+AO27 -> 0 | AP17: =AP26+AP27 -> 0 | AQ17: 10.8 | AR17: =AR26+AR27 -> 0 | AS17: =AS26+AS27 -> 10.8 | AT17: =AT26+AT27 -> 0 | AU17: =AU26+AU27 -> 10.8
B18: в том числе:
B19: - ТЭЦ 25 МВт и более
B20: - ТЭЦ менее 25 МВт
B21: - котельные | C21: =C17 -> 12.43 | D21: =D17 -> 12.43 | E21: =E17 -> 12.43 | F21: =F17 -> 12.43 | G21: =G17 -> 12.43 | K21: =K17 -> 11 | M21: =M17 -> 11 | O21: =O17 -> 11 | S21: =S17 -> 10.95 | U21: =U17 -> 10.95 | W21: =W17 -> 10.95 | AA21: =AA17 -> 10.9 | AC21: =AC17 -> 10.9 | AE21: =AE17 -> 10.9 | AI21: =AI17 -> 10.85 | AK21: =AK17 -> 10.85 | AM21: =AM17 -> 10.85 | AQ21: =AQ17 -> 10.8 | AS21: =AS17 -> 10.8 | AT21: =AT17 -> 0 | AU21: =AU17 -> 10.8
B22: - электробойлерные
A23: 2 | B23: Покупная теплоэнергия
B24: в том числе:
B25: …
A26: 3 | B26: Расход тепловой энергии на хозяйственные нужды | C26: 0.16 | E26: 0.16 | G26: 0.16 | K26: 0.158 | M26: 0.158 | O26: 0.158 | S26: 0.156 | U26: 0.156 | V26: 0.156 | W26: 0.156 | AA26: 0.154 | AC26: 0.154 | AE26: 0.154 | AI26: 0.152 | AK26: 0.152 | AM26: 0.152 | AQ26: 0.15 | AS26: 0.15 | AU26: 0.15
A27: 4 | B27: Отпуск тепловой энергии от источника тепловой энергии (полезный отпуск) | C27: =C21-C26 -> 12.27 | D27: =D21-D26 -> 12.43 | E27: =C27 -> 12.27 | F27: =F21-F26 -> 12.43 | G27: =C27 -> 12.27 | K27: =K21-K26 -> 10.842 | M27: =M28+M33 -> 10.842 | O27: =O28+O33 -> 10.842 | S27: =S21-S26 -> 10.794 | U27: =U28+U33 -> 10.794 | W27: =W28+W33 -> 10.794 | AA27: =AA21-AA26 -> 10.746 | AC27: =AC28+AC33 -> 10.746 | AD27: =AD28+AD33 -> 0 | AE27: =AE28+AE33 -> 10.746 | AF27: =AF28+AF33 -> 0 | AG27: =AG28+AG33 -> 0 | AH27: =AH28+AH33 -> 0 | AI27: =AI21-AI26 -> 10.698 | AJ27: =AJ28+AJ33 -> 0 | AK27: =AK28+AK33 -> 10.698 | AL27: =AL28+AL33 -> 0 | AM27: =AM28+AM33 -> 10.698 | AN27: =AN28+AN33 -> 0 | AO27: =AO28+AO33 -> 0 | AP27: =AP28+AP33 -> 0 | AQ27: =AQ21-AQ26 -> 10.65 | AR27: =AR28+AR33 -> 0 | AS27: =AS28+AS33 -> 10.65 | AT27: =AT28+AT33 -> 0 | AU27: =AU28+AU33 -> 10.65
A28: 5 | B28: Потери тепловой энергии в сети (нормативные)* | C28: 0.331 | D28: 0.331 | E28: 0.331 | F28: 0.331 | G28: 0.331 | K28: 0.32 | M28: 0.32 | O28: 0.32 | S28: 0.31 | U28: 0.31 | W28: 0.31 | AA28: 0.3 | AC28: 0.3 | AE28: 0.3 | AI28: 0.29 | AK28: 0.29 | AM28: 0.29 | AQ28: 0.28 | AS28: 0.28 | AT28: 0 | AU28: 0.28
A29: 5.1 | B29: в том числе:
B30: - через изоляцию
A31: 5.2 | B31: - с потерями теплоносителя
A32: 5.3 | B32: то же в % к отпуску тепловой энергии от источника тепловой энергии
A33: 6 | B33: Отпуск тепловой энергии из тепловой сети (полезный отпуск), всего | C33: =C27-C28 -> 11.939 | D33: 12.022 | E33: =C33 -> 11.939 | F33: 12.022 | G33: =C33 -> 11.939 | H33: 12.022 | I33: 12.022 | J33: 12.022 | K33: =K27-K28 -> 10.522 | M33: =K33 -> 10.522 | O33: =K33 -> 10.522 | S33: =S27-S28 -> 10.484 | U33: =S33 -> 10.484 | W33: =U33 -> 10.484 | AA33: =AA27-AA28 -> 10.446 | AC33: =AA33 -> 10.446 | AE33: =AA33 -> 10.446 | AI33: =AI27-AI28 -> 10.408 | AK33: =AI33 -> 10.408 | AM33: =AK33 -> 10.408 | AQ33: =AQ27-AQ28 -> 10.37 | AS33: =AQ33 -> 10.37 | AU33: =AQ33 -> 10.37
A35: Примечания:
A36: 1. Заполняется по каждому источнику тепловой энергии, по каждой системе теплоснабжения, если при установлении цен (тарифов) применяется такая дифференциация, по каждой организации, осуществляющей деятельность по производству тепловой энергии, в целом по единой теплоснабжающей организации.
A37: 2. В стр. 3 заполняется расход тепловой энергии на хозяйственные нужды только на источнике тепловой энергии.
A38: 3. Стр. 4 = стр. 1 + стр. 2 – стр. 3.
A39: 4. Стр. 6 = стр. 4 – стр. 5.
A40: 5. В строке 5 указываются фактические потери тепловой энергии в сети в случае предусмотренном пунктом 90 Основ ценообразования в сфере теплоснабжения, утвержденных постановлением Правительства Российской федерации от 22.10.2012 № 1075.

Sheet Таблица 4.3
A1: Приложение 4.3
A4: Структура полезного отпуска тепловой энергии (мощности)
A6: № | C6: Факт 2022 года | G6: Период регулирования 2024год | K6: Период регулирования 2025 год | O6: Период регулирования 2026 год | S6: Период регулирования 2027 год | W6: Период регулирования 2028 год
A7: п/п | C7: Суммарная договорная (заявленная) тепловая нагрузка по всем договорам теплоснабжения, Гкал/час | D7: в т.ч по нерегулируемым договорам, Гкал/час | E7: Суммарный полезный отпуск тепловой энергии энергия, | F7: в т.ч по нерегулируемым договорам, тыс. Гкал | G7: Суммарная договорная (заявленная) тепловая нагрузка по всем договорам теплоснабжения, Гкал/час | H7: в т.ч по нерегулируемым договорам, Гкал/час | I7: Суммарный полезный отпуск тепловой энергии энергия, | J7: в т.ч по нерегулируемым договорам, тыс. Гкал | K7: Суммарная договорная (заявленная) тепловая нагрузка по всем договорам теплоснабжения, Гкал/час | L7: в т.ч по нерегулируемым договорам, Гкал/час | M7: Суммарный полезный отпуск тепловой энергии энергия, | N7: в т.ч по нерегулируемым договорам, тыс. Гкал | O7: Суммарная договорная (заявленная) тепловая нагрузка по всем договорам теплоснабжения, Гкал/час | P7: в т.ч по нерегулируемым договорам, Гкал/час | Q7: Суммарный полезный отпуск тепловой энергии энергия, | R7: в т.ч по нерегулируемым договорам, тыс. Гкал | S7: Суммарная договорная (заявленная) тепловая нагрузка по всем договорам теплоснабжения, Гкал/час | T7: в т.ч по нерегулируемым договорам, Гкал/час | U7: Суммарный полезный отпуск тепловой энергии энергия, | V7: в т.ч по нерегулируемым договорам, тыс. Гкал | W7: Суммарная договорная (заявленная) тепловая нагрузка по всем договорам теплоснабжения, Гкал/час | X7: в т.ч по нерегулируемым договорам, Гкал/час | Y7: Суммарный полезный отпуск тепловой энергии энергия, | Z7: в т.ч по нерегулируемым договорам, тыс. Гкал
E8: тыс. Гкал | I8: тыс. Гкал | M8: тыс. Гкал | Q8: тыс. Гкал | U8: тыс. Гкал | Y8: тыс. Гкал
A9: 1 | B9: 2 | C9: 3 | D9: 4 | E9: 5 | F9: 6 | G9: 3 | H9: 4 | I9: 5 | J9: 6 | K9: 3 | L9: 4 | M9: 5 | N9: 6 | O9: 3 | P9: 4 | Q9: 5 | R9: 6 | S9: 3 | T9: 4 | U9: 5 | V9: 6 | W9: 3 | X9: 4 | Y9: 5 | Z9: 6
A10: 1 | B10: Всего отпущено потребителям | C10: 11.933 | E10: =E14 -> 11.939 | G10: 11.933 | I10: ='Таблица 4.1'!K33 -> 10.522 | K10: 11.933 | M10: ='Таблица 4.1'!S33 -> 10.484 | O10: 11.933 | Q10: ='Таблица 4.1'!AA33 -> 10.446 | S10: 11.933 | U10: ='Таблица 4.1'!AI33 -> 10.408 | W10: 11.933 | Y10: ='Таблица 4.1'!AQ33 -> 10.37
B11: Вода
B12: Отборный пар
B13: - от 1,2 до 2,5 кгс/кв. см
B14: - от 2,5 до 7,0 кгс/кв. см | C14: 11.933 | E14: ='Таблица 4.1'!C33 -> 11.939 | G14: 11.933 | I14: ='Таблица 4.1'!K33 -> 10.522 | K14: 11.933 | M14: ='Таблица 4.1'!S33 -> 10.484 | O14: 11.933 | Q14: ='Таблица 4.1'!AA33 -> 10.446 | S14: 11.933 | U14: ='Таблица 4.1'!AI33 -> 10.408 | W14: 11.933 | Y14: =Y10 -> 10.37
B15: - от 7,0 до 13,0 кгс/кв. см
B16: - свыше 13,0 кгс/кв. см
B17: Острый и редуцированный пар
B18: В том числе
B19: Население
B20: Вода
B21: Отборный пар
B22: - от 1,2 до 2,5 кгс/кв. см
B23: - от 2,5 до 7,0 кгс/кв. см
B24: - от 7,0 до 13,0 кгс/кв. см
B25: - свыше 13,0 кгс/кв. см
B26: Острый и редуцированный пар
B29: Бухгалтер | P29: Сергеева Д.М.
A32: Примечания:
A33: 1. Заполняется по каждому источнику тепловой энергии, по каждой системе теплоснабжения, если при установлении цен (тарифов) применяется такая дифференциация, по каждой теплоснабжающей, теплосетевой организации, в целом по единой теплоснабжающей организации.
A34: 2. Может заполняться с помесячной разбивкой.

Sheet Таблица 4.4
A1: Приложение 4.4
A3: Расчет расхода топлива по электростанциям (котельным)
A6: № п/п | B6: Показатели | C6: Единица измерения | D6: Факт 2022 года | E6: Период регулиро-вания 2024год | F6: Период регулиро-вания 2025 год | G6: Период регулиро-вания 2026 год | H6: Период регулиро-вания 2027 год | I6: Период регулиро-вания 2028 год
A8: 1 | B8: 2 | C8: 3 | D8: 4 | E8: 5 | F8: 6 | G8: 7 | H8: 8 | I8: 9
A9: 1 | B9: Выработка электроэнергии, всего | C9: млн.кВтч
A10: 2 | B10: Расход электроэнергии на собственные нужды: | C10: млн.кВтч
A11: 2.1 | B11: на производство электроэнергии | C11: млн.кВтч
A12: 2.1.1 | B12: то же в % к выработке электроэнергии | C12: %
A13: 2.2 | B13: на производство тепловой энергии | C13: млн.кВтч
A14: 2.2.1 | B14: то же в кВтч/Гкал | C14: кВтч/Гкал
A15: 3 | B15: Отпуск электроэнергии с шин | C15: млн.кВтч
A16: 4 | B16: Расход электроэнергии на производственные и хозяйственные нужды | C16: млн.кВтч
A17: 4.1 | B17: то же в % к отпуску с шин | C17: %
A18: 5 | B18: Расход электроэнергии на потери в трансформаторах | C18: млн.кВтч
A19: 5.1 | B19: то же в % к отпуску с шин | C19: %
A20: 6 | B20: Полезный отпуск электроэнергии в сеть | C20: млн.кВтч
A21: 7 | B21: Отпуск тепловой энергии, поставляемой с коллекторов источника тепловой энергии | C21: тыс.Гкал | D21: ='Таблица 4.1'!C21 -> 12.43 | E21: ='Таблица 4.1'!K17 -> 11 | F21: ='Таблица 4.1'!S17 -> 10.95 | G21: ='Таблица 4.1'!AA17 -> 10.9 | H21: ='Таблица 4.1'!AI17 -> 10.85 | I21: ='Таблица 4.1'!AQ17 -> 10.8
A22: 8 | B22: Расход теплоэнергии на хозяйственные нужды: | C22: тыс.Гкал | D22: ='Таблица 4.1'!C26 -> 0.16 | E22: ='Таблица 4.1'!K26 -> 0.158 | F22: ='Таблица 4.1'!S26 -> 0.156 | G22: ='Таблица 4.1'!AA26 -> 0.154 | H22: ='Таблица 4.1'!AI26 -> 0.152 | I22: ='Таблица 4.1'!AQ26 -> 0.15
A23: 8.1 | B23: то же в % к отпуску теплоэнергии | C23: % | D23: =D22/D21*100 -> 1.2872084 | E23: =E22/E21*100 -> 1.4363636 | F23: =F22/F21*100 -> 1.4246575 | G23: =G22/G21*100 -> 1.412844 | H23: =H22/H21*100 -> 1.4009217 | I23: =I22/I21*100 -> 1.3888889
A24: 9 | B24: Отпуск тепловой энергии от источника тепловой энергии (полезный отпуск) | C24: тыс.Гкал | D24: ='Таблица 4.1'!C33 -> 11.939 | E24: ='Таблица 4.1'!K33 -> 10.522 | F24: ='Таблица 4.1'!S33 -> 10.484 | G24: ='Таблица 4.1'!AA33 -> 10.446 | H24: ='Таблица 4.1'!AI33 -> 10.408 | I24: ='Таблица 4.1'!AQ33 -> 10.37
A25: 10 | B25: Отпуск электроэнергии с шин | C25: млн.кВтч
A26: 11 | B26: Нормативный удельный расход условного топлива на производство электроэнергии | C26: г/кВтч
A27: 12 | B27: Расход условного топлива на производство электроэнергии | C27: тыс.тут
A28: 13 | B28: Отпуск тепловой энергии, поставляемой с коллекторов источника тепловой энергии | C28: тыс.Гкал
A29: 14 | B29: Нормативный удельный расход условного топлива на производство тепловой энергии | C29: кг/Гкал | D29: 158.2 | E29: 158.2 | F29: 158.2 | G29: 158.2 | H29: 158.2 | I29: 158.2
A30: 15 | B30: Итого расход условного топлива на производство тепловой энергии | C30: тыс.тут | D30: =D33 -> 2001.036 | E30: =E33 -> 1975.648 | F30: =F33 -> 1941.028 | G30: =G33 -> 1938.72 | H30: =H33 -> 1923.9488 | I30: =I33 -> 1906.408
A31: 16 | B31: Расход т у.т., всего | C31: тыс.тут | D31: =D37 -> 2001.036 | E31: =E37 -> 1975.648 | F31: =F37 -> 1941.028 | G31: =G37 -> 1938.72 | H31: =H37 -> 1923.9488 | I31: =I37 -> 1906.408
A32: 17 | B32: Удельный вес расхода топлива на производство тепловой энергии (п.15/п.16) | C32: % | D32: 100 | E32: 100 | F32: 100 | G32: 100 | H32: 100 | I32: 100
A33: 18 | B33: Расход условного топлива | C33: тыс.тут | D33: =D62*D57*1000 -> 2001.036 | E33: =E62*E57*1000 -> 1975.648 | F33: =F62*F57*1000 -> 1941.028 | G33: =G62*G57*1000 -> 1938.72 | H33: =H62*H57*1000 -> 1923.9488 | I33: =I62*I57*1000 -> 1906.408
A34: 18.1 | B34: уголь всего, в том числе: | C34: тыс.тут
A36: 18.2 | B36: мазут | C36: тыс.тут
A37: 18.3 | B37: газ всего, в том числе: | C37: тыс.тут | D37: =D33 -> 2001.036 | E37: =E33 -> 1975.648 | F37: =F33 -> 1941.028 | G37: =G33 -> 1938.72 | H37: =H33 -> 1923.9488 | I37: =I33 -> 1906.408
A38: 18.3.1 | B38: газ лимитный | C38: тыс.тут
A39: 18.3.2 | B39: газ сверхлимитный | C39: тыс.тут
A40: 18.3.3 | B40: газ коммерческий | C40: тыс.тут
A41: 18.4 | B41: др.виды топлива | C41: тыс.тут
A43: 18.5 | B43: на производство тепловой энергии | C43: тыс.тут
A44: 19 | B44: Доля | C44: % | D44: 100 | E44: 100 | F44: 100 | G44: 100 | H44: 100 | I44: 100
A45: 19.1 | B45: уголь всего, в том числе: | C45: %
A47: 19.2 | B47: мазут | C47: %
A48: 19.3 | B48: газ всего, в том числе: | C48: % | D48: 100 | E48: 100 | F48: 100 | G48: 100 | H48: 100 | I48: 100
A49: 19.3.1 | B49: газ лимитный | C49: %
A50: 19.3.2 | B50: газ сверхлимитный | C50: %
A51: 19.3.3 | B51: газ коммерческий | C51: %
A52: 19.4 | B52: др.виды топлива | C52: %
A53: 20 | B53: Переводной коэффициент | D53: 1.154 | E53: 1.154 | F53: 1.154 | G53: 1.154 | H53: 1.154 | I53: 1.154
A54: 20.1 | B54: уголь всего, в том числе:
A56: 20.2 | B56: мазут
A57: 20.3 | B57: газ всего, в том числе: | D57: 1.154 | E57: 1.154 | F57: 1.154 | G57: 1.154 | H57: 1.154 | I57: 1.154
A58: 20.3.1 | B58: газ лимитныйгаз лимитный
A59: 20.3.2 | B59: газ сверхлимитныйгаз сверхлимитный
A60: 20.3.3 | B60: газ коммерческийгаз коммерческий
A61: 20.4 | B61: др.виды топлива
A62: 21 | B62: Расход натурального топлива | C62: млн.куб.м | D62: 1.734 | E62: 1.712 | F62: 1.682 | G62: 1.68 | H62: 1.6672 | I62: 1.652
A63: 21.1 | B63: уголь всего, в том числе: | C63: млн.куб.м
C64: млн.куб.м
A65: 21.2 | B65: мазут | C65: млн.куб.м
A66: 21.3 | B66: газ всего, в том числе: | C66: млн.куб.м | D66: =D62 -> 1.734 | E66: =E62 -> 1.712 | F66: =F62 -> 1.682 | G66: =G62 -> 1.68 | H66: =H62 -> 1.6672 | I66: =I62 -> 1.652
A67: 21.3.1 | B67: газ лимитныйгаз лимитный | C67: млн.куб.м
A68: 21.3.2 | B68: газ сверхлимитныйгаз сверхлимитный | C68: млн.куб.м
A69: 21.3.3 | B69: газ коммерческийгаз коммерческий | C69: млн.куб.м
A70: 21.4 | B70: др.виды топлива | C70: тыс. тнт
A71: 22 | B71: Индекс роста цен натурального топлива
A72: 22.1 | B72: уголь всего, в том числе: | C72: %
A74: 22.2 | B74: мазут | C74: %
A75: 22.3 | B75: газ всего, в том числе: | C75: %
A76: 22.3.1 | B76: газ лимитныйгаз лимитный | C76: %
A77: 22.3.2 | B77: газ сверхлимитныйгаз сверхлимитный | C77: %
A78: 22.3.3 | B78: газ коммерческийгаз коммерческий | C78: %
A79: 22.4 | B79: др.виды топлива | C79: %
A80: 23 | B80: Цена натурального топлива | C80: руб./тыс.куб.м | D80: 4954.459 | E80: =D80*1.04 -> 5152.6374 | F80: =E80*1.04 -> 5358.7429 | G80: =F80*1.04 -> 5573.0926 | H80: =G80*1.04 -> 5796.0163 | I80: =H80*1.04 -> 6027.8569
A81: 23.1 | B81: уголь всего, в том числе: | C81: руб./тыс.куб.м | E81: 0 | F81: 0 | G81: 0 | H81: 0 | I81: 0
C82: руб./тыс.куб.м | E82: 0 | F82: 0 | G82: 0 | H82: 0 | I82: 0
A83: 23.2 | B83: мазут | C83: руб./тыс.куб.м | E83: 0 | F83: 0 | G83: 0 | H83: 0 | I83: 0
A84: 23.3 | B84: газ всего, в том числе: | C84: руб./тыс.куб.м | D84: =D80 -> 4954.459 | E84: =E80 -> 5152.6374 | F84: =F80 -> 5358.7429 | G84: =G80 -> 5573.0926 | H84: =H80 -> 5796.0163 | I84: =I80 -> 6027.8569
A85: 23.3.1 | B85: газ лимитныйгаз лимитный | C85: руб./тыс.куб.м | E85: 0 | F85: 0 | G85: 0 | H85: 0 | I85: 0
A86: 23.3.2 | B86: газ сверхлимитныйгаз сверхлимитный | C86: руб./тыс.куб.м | E86: 0 | F86: 0 | G86: 0 | H86: 0 | I86: 0
A87: 23.3.3 | B87: газ коммерческийгаз коммерческий | C87: руб./тыс.куб.м | E87: 0 | F87: 0 | G87: 0 | H87: 0 | I87: 0
A88: 23.4 | B88: др.виды топлива | C88: руб./тнт | E88: 0 | F88: 0 | G88: 0 | H88: 0 | I88: 0
A89: 24 | B89: Стоимость натурального топлива | C89: тыс.руб. | D89: 9847.1 | E89: =D89*1.04 -> 10240.984 | F89: =E89*1.04 -> 10650.623 | G89: =F89*1.04 -> 11076.648 | H89: =G89*1.04 -> 11519.714 | I89: =H89*1.04 -> 11980.503
A90: 24.1 | B90: уголь всего, в том числе: | C90: тыс.руб. | E90: 0 | F90: 0 | G90: 0 | H90: 0 | I90: 0
E91: 0 | F91: 0 | G91: 0 | H91: 0 | I91: 0
A92: 24.2 | B92: мазут | C92: тыс.руб. | E92: 0 | F92: 0 | G92: 0 | H92: 0 | I92: 0
A93: 24.3 | B93: газ всего, в том числе: | C93: тыс.руб. | D93: =D89 -> 9847.1 | E93: =E89 -> 10240.984 | F93: =F89 -> 10650.623 | G93: =G89 -> 11076.648 | H93: =H89 -> 11519.714 | I93: =I89 -> 11980.503
A94: 24.3.1 | B94: газ лимитный | C94: тыс.руб.
A95: 24.3.2 | B95: газ сверхлимитный | C95: тыс.руб.
A96: 24.3.3 | B96: газ коммерческий | C96: тыс.руб.
A97: 24.4 | B97: др.виды топлива | C97: тыс.руб.
A98: 24.5 | B98: на производство тепловой энергии | C98: тыс.руб. | D98: =D89 -> 9847.1 | E98: =E89 -> 10240.984 | F98: =F89 -> 10650.623 | G98: =G89 -> 11076.648 | H98: =H89 -> 11519.714 | I98: =I89 -> 11980.503
A99: 25 | B99: Стоимость натурального топлива на производство тепловой энергии по видам топлива | C99: тыс.руб. | E99: 0 | F99: 0 | G99: 0 | H99: 0 | I99: 0
A100: 25.1 | B100: уголь всего, в том числе: | C100: тыс.руб. | E100: 0 | F100: 0 | G100: 0 | H100: 0 | I100: 0
E101: 0 | F101: 0 | G101: 0 | H101: 0 | I101: 0
A102: 25.2 | B102: мазут | C102: тыс.руб. | E102: 0 | F102: 0 | G102: 0 | H102: 0 | I102: 0
A103: 25.3 | B103: газ всего, в том числе: | C103: тыс.руб. | E103: 0 | F103: 0 | G103: 0 | H103: 0 | I103: 0
A104: 25.3.1 | B104: газ лимитный | C104: тыс.руб. | E104: 0 | F104: 0 | G104: 0 | H104: 0 | I104: 0
A105: 25.3.2 | B105: газ сверхлимитный | C105: тыс.руб. | E105: 0 | F105: 0 | G105: 0 | H105: 0 | I105: 0
A106: 25.3.3 | B106: газ коммерческий | C106: тыс.руб. | E106: 0 | F106: 0 | G106: 0 | H106: 0 | I106: 0
A107: 25.4 | B107: др.виды топлива | C107: тыс.руб. | E107: 0 | F107: 0 | G107: 0 | H107: 0 | I107: 0
A108: 26 | B108: Индекс роста тарифа ж/д перевозки / тарифа ГРО, ПССУ | E108: 0 | F108: 0 | G108: 0 | H108: 0 | I108: 0
A109: 26.1 | B109: уголь всего, в том числе: | C109: % | E109: 0 | F109: 0 | G109: 0 | H109: 0 | I109: 0
...

Sheet Таблица 4.5
A1: Приложение 4.5
A4: Расчет баланса топлива
A6: Электростанция (котельная) | B6: Вид топлива/Калорийность топлива, ккал/кг н.т | C6: Остаток на начало периода | F6: Приход натурального топлива | M6: Расход натурального топлива | P6: Остаток на конец периода
C7: всего, тыс. т.н.т. | D7: цена, руб./т.н.т. | E7: стоимость, тыс. руб. | F7: всего, т.н.т. | G7: цена франко станция | H7: дальность перевозки | I7: тариф на перевозку | J7: норматив потерь при перевозке | K7: цена франко станция назначения, руб./т.н.т. | L7: стоимость, тыс. руб. | M7: всего, т.н.т. | N7: цена, руб./т.н.т. | O7: стоимость, тыс. руб. | P7: всего, тыс. т.н.т. | Q7: цена, руб./т.н.т. | R7: стоимость, тыс. руб.
A10: 1 | B10: 2 | C10: 3 | D10: 4 | E10: 5 | F10: 6 | G10: 7 | H10: 8 | I10: 9 | J10: 10 | K10: 11 | L10: 12 | M10: 13 | N10: 14 | O10: 15 | P10: 16 | Q10: 17 | R10: 18
A11: Факт 2022 года
A12: ТЭС 1 | B12: Газ… | C12: 0 | D12: 0 | E12: 0 | F12: ='Таблица 4.4'!D62*1000 -> 1734 | I12: 542.964 | L12: ='Таблица 4.4'!D146 -> 11816.4 | M12: =F12 -> 1734 | N12: =O12/M12*1000 -> 6814.5329 | O12: =L12 -> 11816.4 | P12: 0 | Q12: 0 | R12: 0
B13: Уголь…
B14: Мазут
B15: Торф
B16: Прочие
B17: …
A18: и т.д. | B18: …
A20: Всего | B20: Газ… | C20: 0 | D20: 0 | E20: 0 | F20: =F12 -> 1734 | I20: =I12 -> 542.964 | K20: 0 | L20: =L12 -> 11816.4 | M20: =F20 -> 1734 | N20: =O20/M20*1000 -> 6814.5329 | O20: =L20 -> 11816.4 | P20: 0 | Q20: 0 | R20: 0
B21: Уголь…
B22: Мазут
B23: Торф
B24: Прочие
A25: Период регулирования 2024 год
A26: ТЭС 1 | B26: Газ… | C26: 0 | D26: 0 | E26: 0 | F26: ='Таблица 4.4'!E62*1000 -> 1712 | I26: =I12*1.04 -> 564.68256 | L26: ='Таблица 4.4'!E146 -> 12289.056 | M26: =F26 -> 1712 | N26: =O26/M26*1000 -> 7178.1869 | O26: =L26 -> 12289.056 | P26: 0 | Q26: 0 | R26: 0
A35: Всего | B35: Газ… | C35: 0 | D35: 0 | E35: 0 | F35: =F26 -> 1712 | I35: =I26 -> 564.68256 | L35: =L26 -> 12289.056 | M35: =F35 -> 1712 | N35: =O35/M35*1000 -> 7178.1869 | O35: =L35 -> 12289.056 | P35: 0 | Q35: 0 | R35: 0
B36: Уголь…
B37: Мазут
B38: Торф
B39: Прочие
A40: Период регулирования 2025 год
A41: ТЭС 1 | B41: Газ… | C41: 0 | D41: 0 | E41: 0 | F41: ='Таблица 4.4'!F62*1000 -> 1682 | I41: =I26*1.04 -> 587.26986 | L41: ='Таблица 4.4'!F146 -> 12780.618 | M41: =F41 -> 1682 | N41: =O41/M41*1000 -> 7598.4651 | O41: =L41 -> 12780.618 | P41: 0 | Q41: 0 | R41: 0
B42: Уголь…
B43: Мазут
B44: Торф
B45: Прочие
B46: …
A47: и т.д. | B47: …
A50: Всего | B50: Газ… | C50: 0 | D50: 0 | E50: 0 | F50: =F41 -> 1682 | I50: =I41 -> 587.26986 | L50: =L41 -> 12780.618 | M50: =F50 -> 1682 | N50: =O50/M50*1000 -> 7598.4651 | O50: =L50 -> 12780.618 | P50: 0 | Q50: 0 | R50: 0
B51: Уголь…
B52: Мазут
B53: Торф
B54: Прочие
A55: Период регулирования 2025 год
A56: ТЭС 1 | B56: Газ… | C56: 0 | D56: 0 | E56: 0 | F56: ='Таблица 4.4'!G62*1000 -> 1680 | I56: =I41*1.04 -> 610.76066 | L56: ='Таблица 4.4'!G146 -> 13291.843 | M56: =F56 -> 1680 | N56: =O56/M56*1000 -> 7911.8113 | O56: =L56 -> 13291.843 | P56: 0 | Q56: 0 | R56: 0
B57: Уголь…
B58: Мазут
B59: Торф
B60: Прочие
B61: …
A62: и т.д. | B62: …
A65: Всего | B65: Газ… | C65: 0 | D65: 0 | E65: 0 | F65: =F56 -> 1680 | I65: =I56 -> 610.76066 | L65: =L56 -> 13291.843 | M65: =F65 -> 1680 | N65: =O65/M65*1000 -> 7911.8113 | O65: =L65 -> 13291.843 | P65: 0 | Q65: 0 | R65: 0
B66: Уголь…
B67: Мазут
B68: Торф
B69: Прочие
A70: Период регулирования 2027 год
A71: ТЭС 1 | B71: Газ… | C71: 0 | D71: 0 | E71: 0 | F71: ='Таблица 4.4'!H62*1000 -> 1667.2 | I71: =I56*1.04 -> 635.19108 | L71: ='Таблица 4.4'!H146 -> 13823.517 | M71: =F71 -> 1667.2 | N71: =O71/M71*1000 -> 8291.4567 | O71: =L71 -> 13823.517 | P71: 0 | Q71: 0 | R71: 0
B72: Уголь…
B73: Мазут
B74: Торф
B75: Прочие
B76: …
A77: и т.д. | B77: …
A80: Всего | B80: Газ… | C80: 0 | D80: 0 | E80: 0 | F80: =F71 -> 1667.2 | I80: =I71 -> 635.19108 | L80: =L71 -> 13823.517 | M80: =F80 -> 1667.2 | N80: =O80/M80*1000 -> 8291.4567 | O80: =L80 -> 13823.517 | P80: 0 | Q80: 0 | R80: 0
B81: Уголь…
B82: Мазут
B83: Торф
B84: Прочие
A85: Период регулирования 2028 год
A86: ТЭС 1 | B86: Газ… | C86: 0 | D86: 0 | E86: 0 | F86: ='Таблица 4.4'!I62*1000 -> 1652 | I86: =I71*1.04 -> 660.59873 | L86: ='Таблица 4.4'!I146 -> 14376.457 | M86: =F86 -> 1652 | N86: =O86/M86*1000 -> 8702.456 | O86: =L86 -> 14376.457 | P86: 0 | Q86: 0 | R86: 0
B87: Уголь…
B88: Мазут
B89: Торф
B90: Прочие
B91: …
A92: и т.д. | B92: …
A95: Всего | B95: Газ… | C95: 0 | D95: 0 | E95: 0 | F95: =F86 -> 1652 | I95: =I86 -> 660.59873 | L95: =L86 -> 14376.457 | M95: =F95 -> 1652 | N95: =O95/M95*1000 -> 8702.456 | O95: =L95 -> 14376.457 | P95: 0 | Q95: 0 | R95: 0
B96: Уголь…
B97: Мазут
B98: Торф
B99: Прочие
A100: __
B102: ='Таблица 4.1'!B42 -> 0 | K102: ='Таблица 4.1'!AE42 -> 0
A109: Примечания:
A110: 1. К таблице прилагается расшифровка по поставщикам топлива с указанием объемов поставок и согласованных (договорных) цен.
A111: 2. Гр. 5 = гр. 3* гр. 4.
A112: 3. Гр. 11 = (гр. 7 + гр. 8 * гр. 9) * (1 + гр. 10).
A113: 4. Гр. 12 = гр. 6 * гр. 11 * 10-3.
A114: 5. Гр. 14 = (гр. 5 + гр. 12) / (гр. 3 + гр. 6 * 10-3).
A115: 6. Гр. 15 = гр. 13 * гр. 14 * 10-3.
A116: 7. Гр. 16 = гр. 3 + гр. 6 * 10-3 – гр. 13 * 10-3.
A117: 8. Гр. 17 = гр. 14.
A118: 9. Гр. 18 = гр. 5 + гр. 12 – гр. 15.

Sheet Таблица 4.7
A1: Приложение 4.7
A4: Расходы на прочие покупаемые энергетические ресурсы
A6: № | B6: Наименование поставщика | D6: Расчетная мощность, тыс. кВт (Гкал/ч) | E6: Тариф | H6: Затраты на покупку,
A7: п/п | C7: Объем покупной энергии, | H7: тыс. руб.
E8: односта-вочный | F8: двухставочный | H8: энергии | I8: мощности | J8: всего
F9: ставка | G9: ставка
C10: млн. кВт·ч (тыс. Гкал) | F10: за мощность | G10: за энергию
E11: руб./тыс. кВт·ч (руб./Гкал) | F11: руб./МВт в мес. | G11: руб./тыс. кВт·ч (руб./Гкал)
F12: (тыс. руб./
F13: Гкал/ч в мес.)
A14: 1 | B14: 2 | C14: 3 | D14: 4 | E14: 5 | F14: 6 | G14: 7 | H14: 8 | I14: 9 | J14: 10
A15: Факт 2022 года
A16: 1 | B16: Электрическая энергия, в том числе: | C16: =C19+C20+C21 -> 0.812721 | E16: =F135 -> 5.5865408 | H16: =H19+H20+H21 -> 4525.7069 | J16: =J19+J20+J21 -> 4525.7069
A18: 1.1 | B18: оптовый рынок
A19: 1.1.1 | B19: ТНС энерго Ярославль ПАО | C19: =L135/1000000 -> 0.812721 | E19: =E16 -> 5.5865408 | H19: =N135/1000 -> 4525.7069 | J19: =I19+H19 -> 4525.7069
A20: 1.1.2 | H20: 0 | J20: 0
A21: 1.1.3 | H21: 0 | J21: 0
A22: 1.2 | B22: розничный рынок
A23: 1.2.1 | B23: поставщик 1
A24: 1.2.2 | B24: …
A26: 2. | B26: Тепловая энергия, в том числе:
A27: 2.1 | B27: поставщик 1
A28: 2.2 | B28: поставщик 2
A29: 2.3 | B29: …
A30: …
A31: n | B31: Итого | C31: =C19 -> 0.812721 | E31: =E16 -> 5.5865408 | H31: =H19 -> 4525.7069 | J31: =J19 -> 4525.7069
A32: Период регулирования 2024 год
A33: 1 | B33: Электрическая энергия, в том числе: | C33: =C36+C37+C38 -> 0.27 | E33: =E36+E37+E38 -> 5.8100025 | H33: =H36+H37+H38 -> 1568.7007 | J33: =J36+J37+J38 -> 1568.7007
A35: 1.1 | B35: оптовый рынок
A36: 1.1.1 | B36: ТНС энерго Ярославль ПАО | C36: 0.27 | E36: =E19*1.04 -> 5.8100025 | H36: =C36*E36*1000 -> 1568.7007 | J36: =H36+I36 -> 1568.7007
H37: 0 | J37: 0
H38: 0 | J38: 0
A48: n | B48: Итого | C48: =C36 -> 0.27 | E48: =E36 -> 5.8100025 | H48: =H36 -> 1568.7007 | J48: =J36 -> 1568.7007
A49: Период регулирования 2025 год
A50: 1 | B50: Электрическая энергия, в том числе: | C50: =C53+C54+C55 -> 0.27 | E50: =E53+E54+E55 -> 6.0424026 | H50: =H53+H54+H55 -> 1631.4487 | J50: =J53+J54+J55 -> 1631.4487
A52: 1.1 | B52: оптовый рынок
A53: 1.1.1 | B53: ТНС энерго Ярославль ПАО | C53: 0.27 | E53: =E48*1.04 -> 6.0424026 | H53: =C53*E53*1000 -> 1631.4487 | J53: =H53+I53 -> 1631.4487
A54: 1.1.2 | B54: … | H54: 0 | J54: 0
A55: … | H55: 0 | J55: 0
A56: 1.2 | B56: розничный рынок
A57: 1.2.1 | B57: поставщик 1
A58: 1.2.2 | B58: …
A60: 2 | B60: Тепловая энергия
A61: 2.1 | B61: поставщик 1
A62: 2.2 | B62: поставщик 2
A63: 2.3 | B63: …
A64: …
A65: n | B65: Итого | C65: =C53 -> 0.27 | E65: =E53 -> 6.0424026 | H65: =H53 -> 1631.4487 | J65: =J53 -> 1631.4487
A66: Период регулирования 2026 год
A67: 1 | B67: Электрическая энергия, в том числе: | C67: =C70+C71+C72 -> 0.27 | E67: =E70+E71+E72 -> 6.2840987 | H67: =H70+H71+H72 -> 1696.7066 | J67: =J70+J71+J72 -> 1696.7066
A69: 1.1 | B69: оптовый рынок
A70: 1.1.1 | B70: ТНС энерго Ярославль ПАО | C70: 0.27 | E70: =E65*1.04 -> 6.2840987 | H70: =C70*E70*1000 -> 1696.7066 | J70: =H70+I70 -> 1696.7066
A71: 1.1.2 | B71: … | H71: 0 | J71: 0
A72: … | H72: 0 | J72: 0
A73: 1.2 | B73: розничный рынок
A74: 1.2.1 | B74: поставщик 1
A75: 1.2.2 | B75: …
A77: 2 | B77: Тепловая энергия
A78: 2.1 | B78: поставщик 1
A79: 2.2 | B79: поставщик 2
A80: 2.3 | B80: …
A81: …
A82: n | B82: Итого | C82: =C70 -> 0.27 | E82: =E70 -> 6.2840987 | H82: =H70 -> 1696.7066 | J82: =J70 -> 1696.7066
A83: Период регулирования 2027 год
A84: 1 | B84: Электрическая энергия, в том числе: | C84: =C87+C88+C89 -> 0.27 | E84: =E87+E88+E89 -> 6.5354626 | H84: =H87+H88+H89 -> 1764.5749 | J84: =J87+J88+J89 -> 1764.5749
A86: 1.1 | B86: оптовый рынок
A87: 1.1.1 | B87: ТНС энерго Ярославль ПАО | C87: 0.27 | E87: =E82*1.04 -> 6.5354626 | H87: =C87*E87*1000 -> 1764.5749 | J87: =H87+I87 -> 1764.5749
A88: 1.1.2 | B88: … | H88: 0 | J88: 0
A89: … | H89: 0 | J89: 0
A90: 1.2 | B90: розничный рынок
A91: 1.2.1 | B91: поставщик 1
A92: 1.2.2 | B92: …
A94: 2 | B94: Тепловая энергия
A95: 2.1 | B95: поставщик 1
A96: 2.2 | B96: поставщик 2
A97: 2.3 | B97: …
A98: …
A99: n | B99: Итого | C99: =C87 -> 0.27 | E99: =E87 -> 6.5354626 | H99: =H87 -> 1764.5749 | J99: =J87 -> 1764.5749
A100: Период регулирования 2028 год
A101: 1 | B101: Электрическая энергия, в том числе: | C101: =C104+C105+C106 -> 0.27 | E101: =E104+E105+E106 -> 6.7968811 | H101: =H104+H105+H106 -> 1835.1579 | J101: =J104+J105+J106 -> 1835.1579
A103: 1.1 | B103: оптовый рынок
A104: 1.1.1 | B104: ТНС энерго Ярославль ПАО | C104: 0.27 | E104: =E99*1.04 -> 6.7968811 | H104: =C104*E104*1000 -> 1835.1579 | J104: =H104+I104 -> 1835.1579
A105: 1.1.2 | B105: … | H105: 0 | J105: 0
A106: … | H106: 0 | J106: 0
A107: 1.2 | B107: розничный рынок
A108: 1.2.1 | B108: поставщик 1
A109: 1.2.2 | B109: …
A111: 2 | B111: Тепловая энергия
A112: 2.1 | B112: поставщик 1
A113: 2.2 | B113: поставщик 2
A114: 2.3 | B114: …
A115: …
A116: n | B116: Итого | C116: =C104 -> 0.27 | E116: =E104 -> 6.7968811 | H116: =H104 -> 1835.1579 | J116: =J104 -> 1835.1579
B118: Бухгалтер | F118: Сергеева Д.М.
C119: (СН2)2022 | D119: эл.эн | E119: мощность | F119: цена ЭЛ.ЭН | G119: цена МОЩН | H119: стоим элэн | I119: стоим.мощности | K119: счетчик | L119: эл.эн | M119: цена ЭЛ.ЭН | N119: стом элэн
A120: 1 | C120: Январь | D120: 70950 | F120: 4.41197 | H120: =D120*F120 -> 313029.27 | K120: Январь | L120: 70950 | M120: 4.41197 | N120: =L120*M120 -> 313029.27
A121: 2 | C121: Февраль | D121: 67381 | F121: 5.65179 | H121: =D121*F121 -> 380823.26 | K121: Февраль | L121: 67381 | M121: 5.65179 | N121: =L121*M121 -> 380823.26
A122: 3 | C122: Март | D122: 77224 | F122: 5.35765 | H122: =D122*F122 -> 413739.16 | K122: Март | L122: 77224 | M122: 5.35765 | N122: =L122*M122 -> 413739.16
A123: 4 | C123: Апрель | D123: 71747 | F123: 5.41197 | H123: =D123*F123 -> 388292.61 | K123: Апрель | L123: 71747 | M123: 5.41197 | N123: =L123*M123 -> 388292.61
A124: 5 | C124: Май | D124: 56476 | F124: 5.35184 | H124: =D124*F124 -> 302250.52 | K124: Май | L124: 56476 | M124: 5.35184 | N124: =L124*M124 -> 302250.52
...

Sheet Таблица 4.8
A1: Приложение 4.8
A4: Расходы на приобретение холодной воды и теплоносителя
A6: № п.п. | B6: Вид сырья и материалов | C6: Факт 2022 года | F6: Период регулирования 2024 год | I6: Период регулирования 2025 год | L6: Период регулирования 2026 год | O6: Период регулирования 2027 год | R6: Период регулирования 2028 год
C7: Расчетный объем | D7: Планируемая (расчетная) цена | E7: Расходы на приобретение | F7: Расчетный объем | G7: Планируемая (расчетная) цена | H7: Расходы на приобретение | I7: Расчетный объем | J7: Планируемая (расчетная) цена | K7: Расходы на приобретение | L7: Расчетный объем | M7: Планируемая (расчетная) цена | N7: Расходы на приобретение | O7: Расчетный объем | P7: Планируемая (расчетная) цена | Q7: Расходы на приобретение | R7: Расчетный объем | S7: Планируемая (расчетная) цена | T7: Расходы на приобретение
C8: м3 | D8: тыс.руб./м3 | E8: тыс.руб. | F8: м3 | G8: тыс.руб./м3 | H8: тыс.руб. | I8: м3 | J8: тыс.руб./м3 | K8: тыс.руб. | L8: м3 | M8: тыс.руб./м3 | N8: тыс.руб. | O8: м3 | P8: тыс.руб./м3 | Q8: тыс.руб. | R8: м3 | S8: тыс.руб./м3 | T8: тыс.руб.
A9: 1 | B9: 2 | C9: 3 | D9: 4 | E9: 5 | F9: 3 | G9: 4 | H9: 5 | I9: 3 | J9: 4 | K9: 5 | L9: 3 | M9: 4 | N9: 5 | O9: 3 | P9: 4 | Q9: 5 | R9: 3 | S9: 4 | T9: 5
A10: 1 | B10: Расходы на холодную воду, в том числе | C10: =C47 -> 35744 | D10: =E10/C10*1000 -> 29.105373 | E10: =E47/1000 -> 1040.3425 | F10: 40500 | G10: =D10*1.04 -> 30.269588 | H10: =F10*G10/1000 -> 1225.9183 | I10: 40500 | J10: =G10*1.04 -> 31.480372 | K10: =I10*J10/1000 -> 1274.9551 | L10: 40500 | M10: =J10*1.04 -> 32.739587 | N10: =L10*M10/1000 -> 1325.9533 | O10: 40500 | P10: =M10*1.04 -> 34.04917 | Q10: =O10*P10/1000 -> 1378.9914 | R10: 40500 | S10: =P10*1.04 -> 35.411137 | T10: =R10*S10/1000 -> 1434.1511
A11: 1.1 | B11: на производство электрической энергии
A12: 1.2 | B12: на производство тепловой энергии | C12: =C62 -> 9200 | D12: =D62 -> 29.060833 | E12: =E62/1000 -> 267.3345 | F12: 9400 | G12: =G10 -> 30.269588 | H12: =G12*F12/1000 -> 284.53413 | I12: 9400 | J12: =J10 -> 31.480372 | K12: =J12*I12/1000 -> 295.9155 | L12: 9400 | M12: =M10 -> 32.739587 | N12: =M12*L12/1000 -> 307.75212 | O12: 9400 | P12: =P10 -> 34.04917 | Q12: =P12*O12/1000 -> 320.0622 | R12: 9400 | S12: =S10 -> 35.411137 | T12: =S12*R12/1000 -> 332.86469
A13: 1.3 | B13: на производство теплоносителя
A14: 1.4 | B14: прочая продукция
A15: 2 | B15: Расходы на теплоноситель
B18: ='Таблица 4.1'!B42 -> 0 | E18: ='Таблица 4.1'!AE42 -> 0
A24: Примечания:
A25: 1. Заполняется по каждому источнику тепловой энергии, по каждой системе теплоснабжения, если при установлении цен (тарифов) применяется такая дифференциация, по каждому виду регулируемой деятельности, по каждой теплоснабжающей, теплосетевой организации, в целом по единой теплоснабжающей организации.
A26: 2. Для источников тепловой энергии, функционирующих в режиме комбинированной выработки электрической и тепловой энергии, таблица заполняется в целом по источнику тепловой энергии. Строки 1.1 – 1.4 заполняются по результатам распределения расходов между тепловой и электрической энергией в соответствии с главой VIII Методических указаний.
A27: 3. Гр. 5 = гр. 3* гр. 4.
A28: 4. Гр. 8 = гр. 6* гр. 7.
B33: СЧЕТА ФАКТУРЫ
C34: объем | D34: цена | E34: стоим
B35: Декабрь | C35: 3856 | D35: 31.04 | E35: =D35*C35 -> 119690.24
B36: Ноябрь | C36: 3644 | D36: 29.41 | E36: =D36*C36 -> 107170.04
B37: Октябрь | C37: 3198 | D37: 29.41 | E37: =D37*C37 -> 94053.18
B38: Сентябрь | C38: 3145 | D38: 29.41 | E38: =D38*C38 -> 92494.45
B39: Август | C39: 3463 | D39: 29.41 | E39: =D39*C39 -> 101846.83
B40: Июль | C40: 733 | D40: 29.41 | E40: =D40*C40 -> 21557.53
B41: Июнь | C41: 3312 | D41: 28.44 | E41: =D41*C41 -> 94193.28
B42: май | C42: 2413 | D42: 28.44 | E42: =D42*C42 -> 68625.72
B43: Апрель | C43: 3077 | D43: 28.44 | E43: =D43*C43 -> 87509.88
B44: Март | C44: 2946 | D44: 28.44 | E44: =D44*C44 -> 83784.24
B45: Февраль | C45: 2541 | D45: 28.44 | E45: =D45*C45 -> 72266.04
B46: Январь | C46: 3416 | D46: 28.44 | E46: =D46*C46 -> 97151.04
B47: итого | C47: =SUM(C35:C46) -> 35744 | D47: =SUM(D35:D46)/12 -> 29.060833 | E47: =SUM(E35:E46) -> 1040342.5
B48: ДАННЫЕ ГЛАВНОГО ИНЖЕНЕРА
C49: объем | D49: цена | E49: стоим
B50: Декабрь | C50: 900 | D50: 31.04 | E50: =D50*C50 -> 27936
B51: Ноябрь | C51: 900 | D51: 29.41 | E51: =D51*C51 -> 26469
B52: Октябрь | C52: 850 | D52: 29.41 | E52: =D52*C52 -> 24998.5
B53: Сентябрь | C53: 800 | D53: 29.41 | E53: =D53*C53 -> 23528
B54: Август | C54: 700 | D54: 29.41 | E54: =D54*C54 -> 20587
B55: Июль | C55: 200 | D55: 29.41 | E55: =D55*C55 -> 5882
B56: Июнь | C56: 700 | D56: 28.44 | E56: =D56*C56 -> 19908
B57: май | C57: 700 | D57: 28.44 | E57: =D57*C57 -> 19908
B58: Апрель | C58: 800 | D58: 28.44 | E58: =D58*C58 -> 22752
B59: Март | C59: 850 | D59: 28.44 | E59: =D59*C59 -> 24174
B60: Февраль | C60: 900 | D60: 28.44 | E60: =D60*C60 -> 25596
B61: Январь | C61: 900 | D61: 28.44 | E61: =D61*C61 -> 25596
B62: итого | C62: =SUM(C50:C61) -> 9200 | D62: =SUM(D50:D61)/12 -> 29.060833 | E62: =SUM(E50:E61) -> 267334.5

Sheet Таблица 4.9
A1: Приложение 4.9 к Методическим указаниям, утвержденным приказом ФСТ России от 13.06.2013 N 760-э
A4: Расчет расходов на оплату труда
A6: N п.п. | B6: Показатели | C6: Единица измерения | D6: Факт 2022 г. | E6: Период регулирования 2024 г. | F6: Период регулирования 2025 г. | G6: Период регулирования 2026 г. | H6: Период регулирования 2027 г. | I6: Период регулирования 2028 г.
A7: 1 | B7: 2 | C7: 3 | D7: 4 | E7: 5 | F7: 6 | G7: 7 | H7: 8 | I7: 9
A8: 1. | B8: Численность
A9: 1.1. | B9: Нормативная численность | C9: чел. | D9: 7 | E9: 7 | F9: 7 | G9: 7 | H9: 7 | I9: 7
B10: в т.ч. привлеченный персонал | C10: чел.
A11: 1.2. | B11: Нормативная численность ППП | C11: чел. | D11: 7 | E11: 7 | F11: 7 | G11: 7 | H11: 7 | I11: 7
B12: без привлеченного персонала | C12: чел.
A13: 1.3. | B13: Фактическая численность | C13: чел. | D13: 7 | E13: 7 | F13: 7 | G13: 7 | H13: 7 | I13: 7
B14: % отношения факта к нормативу | C14: % | D14: 100 | E14: 100 | F14: 100 | G14: 100 | H14: 100 | I14: 100
A15: 1.4. | B15: Численность на вводы по нормативу | C15: чел. | D15: 7 | E15: 7 | F15: 7 | G15: 7 | H15: 7 | I15: 7
A16: 1.5. | B16: Численность, принятая для расчета | C16: чел.
A17: 2. | B17: Средняя зарплата
A18: 2.1. | B18: Тарифная ставка рабочего 1-го разряда | C18: руб.
A19: 2.1. | B19: Дефлятор по заработной плате
A20: 2.2. | B20: Тарифная ставка рабочего 1 разряда с учетом дефлятора | C20: руб.
A21: 2.3. | B21: Средняя ступень оплаты труда
A22: 2.3. | B22: Тарифный коэффициент, соответствующий ступени по оплате труда
A23: 2.3. | B23: Среднемесячная тарифная ставка ППП | C23: руб.
A24: 2.6. | B24: Выплаты, связанные с режимом работы, с условиями труда 1 работника:
B25: - процент выплаты | C25: %
B26: - сумма выплат | C26: руб.
A27: 2.7. | B27: Текущее премирование:
B28: - процент выплаты | C28: %
B29: - сумма выплат | C29: руб.
A30: 2.8. | B30: Вознаграждение за выслугу лет:
B31: - процент выплаты | C31: %
B32: - сумма выплат | C32: руб.
A33: 2.9. | B33: Выплаты по итогам года:
B34: - процент выплаты | C34: %
B35: - сумма выплат | C35: руб.
A36: 2.10.
B37: - процент выплаты | C37: %
B38: - сумма выплат | C38: руб.
A39: 2.11.
B40: - процент выплаты | C40: %
B41: - сумма выплат | C41: руб.
A42: 2.12. | B42: Выплаты по районному коэффициенту и северные надбавки:
B43: - процент выплаты | C43: %
B44: - сумма выплат | C44: руб.
A45: 3. | B45: ИТОГО среднемесячная оплата труда на 1 работника | C45: руб. | D45: =D46/D15/12 -> 90803.501 | E45: =E46/E15/12 -> 95343.676 | F45: =F46/F15/12 -> 100110.86 | G45: =G46/G15/12 -> 105116.4 | H45: =H46/H15/12 -> 110372.22 | I45: =I46/I15/12 -> 115890.83
A46: 4. | B46: Расчет ФОТ (вкл. в расходы на производство продукции (услуг)) | C46: руб. | D46: 7627494.1 | E46: =D46*1.05 -> 8008868.8 | F46: =E46*1.05 -> 8409312.2 | G46: =F46*1.05 -> 8829777.8 | H46: =G46*1.05 -> 9271266.7 | I46: =H46*1.05 -> 9734830.1
A47: 4.1. | B47: Льготный проезд к месту отдыха | C47: тыс.руб.
A48: 4.2. | B48: Выплаты в соответствии с порядком назначения и выплаты ежемесячных компенсационных выплат отдельным категориям граждан* | C48: тыс.руб.
A49: 4.3. | B49: Прочие | C49: тыс.руб.
B51: Количество месяцев в периоде регулирования
A53: 4.4. | B53: ИТОГО средства на оплату труда ППП | C53: тыс.руб. | D53: 6306576.8 | E53: =D53*1.05 -> 6621905.6 | F53: =E53*1.05 -> 6953000.9 | G53: =F53*1.05 -> 7300650.9 | H53: =G53*1.05 -> 7665683.5 | I53: =H53*1.05 -> 8048967.7
A54: 4.4.1 | B54: - на производство электрической энергии
A55: 4.4.2 | B55: - на производство тепловой энергии | C55: тыс.руб. | D55: =D53 -> 6306576.8 | E55: =D55*1.05 -> 6621905.6 | F55: =E55*1.05 -> 6953000.9 | G55: =F55*1.05 -> 7300650.9 | H55: =G55*1.05 -> 7665683.5 | I55: =H55*1.05 -> 8048967.7
A56: 4.4.3 | B56: - на производство теплоносителя
A57: 4.4.4 | B57: - прочая продукция
A58: 5. | B58: Расчет по непромышленной группе (вкл. в балансовую прибыль)
A59: 5.1. | B59: Фактическая численность | C59: чел.
A60: 5.2. | B60: Планируемая численность | C60: чел.
A61: 5.3. | B61: Расчетная средняя зарплата | C61: руб.
A62: 5.4. | B62: Льготный проезд к месту отдыха | C62: тыс.руб.
A63: 5.5. | B63: По постановлению N 1206 от 03.11.94 | C63: тыс.руб.
A64: 5.6. | B64: ИТОГО ФОТ непром. группы | C64: тыс.руб.
A65: 5.6.1 | B65: - на производство электрической энергии | C65: тыс.руб.
A66: 5.6.2 | B66: - на производство тепловой энергии | C66: тыс.руб.
A67: 5.6.3 | B67: - на производство теплоносителя | C67: тыс.руб.
A68: 5.6.4 | B68: - прочая продукция | C68: тыс.руб.
A69: 5.7. | B69: Коэффициент для расчета по непром. группе | C69: %
A71: Примечания:
A72: 1. | B72: Заполняется по каждому источнику тепловой энергии, по каждой системе теплоснабжения, если при установлении цен (тарифов) применяется такая дифференциация, каждому виду регулируемой деятельности, по каждой теплоснабжающей, теплосетевой организации, в целом по единой теплоснабжающей организации.
A73: 2. | B73: Для источников тепловой энергии, функционирующих в режиме комбинированной выработки электрической и тепловой энергии, таблица заполняется в целом по источнику тепловой энергии. Строки 4.4.1-4.4.4, 5.6.1-5.6.4 заполняются по результатам распределения расходов между тепловой и электрической энергией в соответствии с главой VIII Методических указаний.
A75: _____________________
A76: * Постановление Правительства Российской Федерации от 3 ноября 1994 года N 1206 "Об утверждении порядка назначения и выплаты ежемесячных компенсационных выплат отдельным категориям граждан" (Собрание законодательства Российской Федерации, 1994, N 29, ст.3035; 2003, N 33, ст.3269; 2006, N 33, ст.3633; 2012, N 22, ст.2867; 2013, N 13, ст.1559, N 22, ст.2809).

Sheet Таблица 4.10
A1: Приложение 4.10 к Методическим указаниям, утвержденным приказом ФСТ России от 13.06.2013 N 760-э
A4: Расчет амортизационных отчислений на восстановление основных производственных фондов
A6: N п.п. | B6: Показатели | C6: Единица измерения | D6: Факт 2022 г. | E6: Период регулирования 2024 г. | F6: Период регулирования 2025 г. | G6: Период регулирования 2026 г. | H6: Период регулирования 2027 г. | I6: Период регулирования 2028 г.
A7: 1 | B7: 2 | C7: 3 | D7: 4 | E7: 5 | F7: 6 | G7: 7 | H7: 8 | I7: 9
A8: 1. | B8: Первоначальная стоимость осн. фондов на начало периода | C8: тыс.руб. | D8: =5114531/1000 -> 5114.531 | E8: =D8*1.04 -> 5319.1122 | F8: =E8 -> 5319.1122 | G8: =E8 -> 5319.1122 | H8: =E8 -> 5319.1122 | I8: =E8 -> 5319.1122
B9: Здания | C9: тыс.руб.
B10: Сооружения | C10: тыс.руб. | D10: =1035721/1000 -> 1035.721 | E10: =D10*1.04 -> 1077.1498 | F10: =E10 -> 1077.1498 | G10: =E10 -> 1077.1498 | H10: =E10 -> 1077.1498 | I10: =E10 -> 1077.1498
B11: Передаточные устройства | C11: тыс.руб.
B12: Машины и оборудование | C12: тыс.руб. | D12: =4078810/1000 -> 4078.81 | E12: =D12*1.04 -> 4241.9624 | F12: =E12 -> 4241.9624 | G12: =E12 -> 4241.9624 | H12: =E12 -> 4241.9624 | I12: =E12 -> 4241.9624
B13: в т.ч. - силовые машины | C13: тыс.руб.
B14: - рабочие машины | C14: тыс.руб. | D14: =D12 -> 4078.81 | E14: =D14*1.04 -> 4241.9624 | F14: =E14 -> 4241.9624 | G14: =E14 -> 4241.9624 | H14: =E14 -> 4241.9624 | I14: =E14 -> 4241.9624
B15: - приборы и лаборат. оборудование | C15: тыс.руб.
B16: - вычислительная техника | C16: тыс.руб.
B17: - прочие машины | C17: тыс.руб.
B18: Транспортные средства | C18: тыс.руб.
B19: Инструмент | C19: тыс.руб.
B20: Производственный инвентарь | C20: тыс.руб.
B21: Прочие основные производственные фонды | C21: тыс.руб.
A23: 2. | B23: Переоценка стоимости осн. фондов (только положительная или отрицательная разница относительно первоначальной стоимости осн.фондов) | C23: тыс.руб.
B24: Здания | C24: тыс.руб.
B25: Сооружения | C25: тыс.руб.
B26: Передаточные устройства | C26: тыс.руб.
B27: Машины и оборудование | C27: тыс.руб.
B28: в т.ч. - силовые машины | C28: тыс.руб.
B29: - рабочие машины | C29: тыс.руб.
B30: - приборы и лаборат. оборудование | C30: тыс.руб.
B31: - вычислительная техника | C31: тыс.руб.
B32: - прочие машины | C32: тыс.руб.
B33: Транспортные средства | C33: тыс.руб.
B34: Инструмент | C34: тыс.руб.
B35: Производственный инвентарь | C35: тыс.руб.
B36: Прочие основные производственные фонды | C36: тыс.руб.
A38: 3. | B38: Ввод основных производственных фондов | C38: тыс.руб.
B39: Здания | C39: тыс.руб.
B40: Сооружения | C40: тыс.руб.
B41: Передаточные устройства | C41: тыс.руб.
B42: Машины и оборудование | C42: тыс.руб.
B43: в т.ч. - силовые машины | C43: тыс.руб.
B44: - рабочие машины | C44: тыс.руб.
B45: - приборы и лаборат. оборудование | C45: тыс.руб.
B46: - вычислительная техника | C46: тыс.руб.
B47: - прочие машины | C47: тыс.руб.
B48: Транспортные средства | C48: тыс.руб.
B49: Инструмент | C49: тыс.руб.
B50: Производственный инвентарь | C50: тыс.руб.
B51: Прочие основные производственные фонды | C51: тыс.руб.
A53: 4. | B53: Выбытие основных производственных фондов | C53: тыс.руб. | D53: =D57 -> 580.65462 | E53: =E57 -> 603.8808 | F53: =F57 -> 603.8808 | G53: =G57 -> 603.8808 | H53: =H57 -> 603.8808 | I53: =I57 -> 603.8808
B54: Здания | C54: тыс.руб.
B55: Сооружения | C55: тыс.руб.
B56: Передаточные устройства | C56: тыс.руб.
B57: Машины и оборудование | C57: тыс.руб. | D57: =D62 -> 580.65462 | E57: =E62 -> 603.8808 | F57: =F62 -> 603.8808 | G57: =G62 -> 603.8808 | H57: =H62 -> 603.8808 | I57: =I62 -> 603.8808
B58: в т.ч. - силовые машины | C58: тыс.руб.
B59: - рабочие машины | C59: тыс.руб.
B60: - приборы и лаборат. оборудование | C60: тыс.руб.
B61: - вычислительная техника | C61: тыс.руб.
B62: - прочие машины | C62: тыс.руб. | D62: =580654.62/1000 -> 580.65462 | E62: =D62*1.04 -> 603.8808 | F62: =E62 -> 603.8808 | G62: =E62 -> 603.8808 | H62: =E62 -> 603.8808 | I62: =E62 -> 603.8808
B63: Транспортные средства | C63: тыс.руб.
B64: Инструмент | C64: тыс.руб.
B65: Производственный инвентарь | C65: тыс.руб.
B66: Прочие основные производственные фонды | C66: тыс.руб.
A68: 5. | B68: Среднегодовая стоимость основных производственных фондов | C68: тыс.руб.
B69: Здания | C69: тыс.руб.
B70: Сооружения | C70: тыс.руб.
B71: Передаточные устройства | C71: тыс.руб.
B72: Машины и оборудование | C72: тыс.руб.
B73: в т.ч. - силовые машины | C73: тыс.руб.
B74: - рабочие машины | C74: тыс.руб.
B75: - приборы и лаборат. оборудование | C75: тыс.руб.
B76: - вычислительная техника | C76: тыс.руб.
B77: - прочие машины | C77: тыс.руб.
B78: Транспортные средства | C78: тыс.руб.
B79: Инструмент | C79: тыс.руб.
B80: Производственный инвентарь | C80: тыс.руб.
B81: Прочие основные производственные фонды | C81: тыс.руб.
A83: 6. | B83: Норма амортизационных отчислений
B84: Здания | C84: %
B85: Сооружения | C85: %
B86: Передаточные устройства | C86: %
B87: Машины и оборудование | C87: %
B88: в т.ч. - силовые машины | C88: %
B89: - рабочие машины | C89: %
B90: - приборы и лаборат. оборудование | C90: %
B91: - вычислительная техника | C91: %
B92: - прочие машины | C92: %
B93: Транспортные средства | C93: %
B94: Инструмент | C94: %
B95: Производственный инвентарь | C95: %
B96: Прочие основные производственные фонды | C96: %
A98: 7. | B98: Сумма амортизационных отчислений | C98: тыс.руб. | D98: =106595/1000 -> 106.595 | E98: =D98*0.85 -> 90.60575 | F98: =E98*0.85 -> 77.014888 | G98: =F98*0.85 -> 65.462654 | H98: =G98*0.85 -> 55.643256 | I98: =H98*0.85 -> 47.296768
B99: Здания | C99: тыс.руб.
B100: Сооружения | C100: тыс.руб. | D100: =102716/1000 -> 102.716 | E100: =D100*0.85 -> 87.3086 | F100: =E100*0.85 -> 74.21231 | G100: =F100*0.85 -> 63.080464 | H100: =G100*0.85 -> 53.618394 | I100: =H100*0.85 -> 45.575635
B101: Передаточные устройства | C101: тыс.руб.
B102: Машины и оборудование | C102: тыс.руб. | D102: =D98-D100 -> 3.879 | E102: =E98-E100 -> 3.29715 | F102: =F98-F100 -> 2.8025775 | G102: =G98-G100 -> 2.3821909 | H102: =H98-H100 -> 2.0248622 | I102: =I98-I100 -> 1.7211329
B103: в т.ч. - силовые машины | C103: тыс.руб.
B104: - рабочие машины | C104: тыс.руб. | D104: =D102 -> 3.879 | E104: =E102 -> 3.29715 | F104: =F102 -> 2.8025775 | G104: =G102 -> 2.3821909 | H104: =H102 -> 2.0248622 | I104: =I102 -> 1.7211329
B105: - приборы и лаборат. оборудование | C105: тыс.руб.
B106: - вычислительная техника | C106: тыс.руб.
B107: - прочие машины | C107: тыс.руб.
B108: Транспортные средства | C108: тыс.руб.
B109: Инструмент | C109: тыс.руб.
...

Sheet Смета, Таблица 5.1
A1: Приложение 5.1
A3: Смета расходов (метод экономически обоснованных расходов (затрат))
A4: руб.
A5: N п/п | B5: Показатели | C5: Факт 2022 г. | D5: Период регулирования 2024 г. | E5: Период регулирования 2025 г. | F5: Период регулирования 2026 г. | G5: Период регулирования 2027 г. | H5: Период регулирования 2028 г.
A6: 1 | B6: 2 | C6: 3 | D6: 4 | E6: 5 | F6: 6 | G6: 7 | H6: 8
A7: I. | B7: Расходы, связанные с производством и реализацией продукции (услуг), всего | C7: =C8+C11+C12+C15+C19+C20+C24+C28+C29+C32+C33+C34+C35+C36+C37+C38+C39+C27 -> 35148347 | D7: =D8+D11+D12+D15+D19+D20+D24+D28+D29+D32+D33+D34+D35+D36+D37+D38+D39+D27 -> 33541840 | E7: =E8+E11+E12+E15+E19+E20+E24+E28+E29+E32+E33+E34+E35+E36+E37+E38+E39+E27 -> 35012607 | F7: =F8+F11+F12+F15+F19+F20+F24+F28+F29+F32+F33+F34+F35+F36+F37+F38+F39+F27 -> 36552101 | G7: =G8+G11+G12+G15+G19+G20+G24+G28+G29+G32+G33+G34+G35+G36+G37+G38+G39+G27 -> 38163052 | H7: =H8+H11+H12+H15+H19+H20+H24+H28+H29+H32+H33+H34+H35+H36+H37+H38+H39+H27 -> 39848371
A8: 1. | B8: расходы на сырье и материалы | C8: =C9+C10 -> 1696033.3 | D8: =D9+D10 -> 1763874.6 | E8: =E9+E10 -> 1834429.6 | F8: =F9+F10 -> 1907806.8 | G8: =G9+G10 -> 1984119.1 | H8: =H9+H10 -> 2063483.8 | I8: 1726868.3 | J8: =C8+C46 -> 1726868.3 | K8: должно сойтись с котельной общей суммой по всем десяткам
A9: 1.1. | B9: материалы на химводоподготовку | C9: =1790318*0.85 -> 1521770.3 | D9: =C9*1.04 -> 1582641.1 | E9: =D9*1.04 -> 1645946.8 | F9: =E9*1.04 -> 1711784.6 | G9: =F9*1.04 -> 1780256 | H9: =G9*1.04 -> 1851466.3 | I9: из требований/ПСХ/материалы/соль(*85%)
A10: 1.2. | B10: зап-ти, инструмент,вспом.мат-ы | C10: =I8-C9-C46 -> 174263 | D10: =C10*1.04 -> 181233.52 | E10: =D10*1.04 -> 188482.86 | F10: =E10*1.04 -> 196022.18 | G10: =F10*1.04 -> 203863.06 | H10: =G10*1.04 -> 212017.58
A11: 2. | B11: расходы на топливо | C11: ='Таблица 4.4'!D156*1000 -> 11816400 | D11: ='Таблица 4.4'!E156*1000 -> 12289056 | E11: ='Таблица 4.4'!F156*1000 -> 12780618 | F11: ='Таблица 4.4'!G156*1000 -> 13291843 | G11: ='Таблица 4.4'!H156*1000 -> 13823517 | H11: ='Таблица 4.4'!I156*1000 -> 14376457
A12: 3. | B12: расходы на прочие покупаемые энергетические ресурсы | C12: ='Таблица 4.7'!H16*1000 -> 4525706.9 | D12: ='Таблица 4.7'!H33*1000 -> 1568700.7 | E12: ='Таблица 4.7'!H50*1000 -> 1631448.7 | F12: ='Таблица 4.7'!H67*1000 -> 1696706.6 | G12: ='Таблица 4.7'!H84*1000 -> 1764574.9 | H12: ='Таблица 4.7'!H101*1000 -> 1835157.9
A13: 3.1. | B13: технологические цели | F13: =E13*1.01 -> 0 | G13: 0 | H13: 0
A14: 3.2. | B14: хозяйственно-бытовые нужды | F14: =E14*1.01 -> 0 | G14: 0 | H14: 0
A15: 4. | B15: расходы на холодную воду | C15: ='Таблица 4.8'!E12*1000 -> 267334.5 | D15: ='Таблица 4.8'!H12*1000 -> 284534.13 | E15: ='Таблица 4.8'!K12*1000 -> 295915.5 | F15: ='Таблица 4.8'!N12*1000 -> 307752.12 | G15: ='Таблица 4.8'!Q12*1000 -> 320062.2 | H15: ='Таблица 4.8'!T12*1000 -> 332864.69
A16: 4.1. | B16: технологические цели | F16: =E16*1.01 -> 0 | G16: 0 | H16: 0
A17: 4.2. | B17: хозяйственно-бытовые нужды | F17: =E17*1.01 -> 0 | G17: 0 | H17: 0
A18: 5. | B18: расходы на теплоноситель | C18: 0 | D18: 0 | E18: 0 | F18: 0 | G18: 0 | H18: 0
A19: 6. | B19: амортизация основных средств и нематериальных активов | C19: ='Таблица 4.10'!D98*1000 -> 106595 | D19: ='Таблица 4.10'!E98*1000 -> 90605.75 | E19: ='Таблица 4.10'!F98*1000 -> 77014.887 | F19: ='Таблица 4.10'!G98*1000 -> 65462.654 | G19: ='Таблица 4.10'!H98*1000 -> 55643.256 | H19: ='Таблица 4.10'!I98*1000 -> 47296.768
A20: 7. | B20: оплата труда | C20: =C22+C21 -> 13934071 | D20: =D22+D21 -> 14630774 | E20: =E22+E21 -> 15362313 | F20: =F22+F21 -> 16130429 | G20: =G22+G21 -> 16936950 | H20: =H22+H21 -> 17783798 | J20: 5343832
A21: 7.1. | B21: ИТР | C21: ='Таблица 4.9'!D46 -> 7627494.1 | D21: ='Таблица 4.9'!E46 -> 8008868.8 | E21: ='Таблица 4.9'!F46 -> 8409312.2 | F21: ='Таблица 4.9'!G46 -> 8829777.8 | G21: ='Таблица 4.9'!H46 -> 9271266.7 | H21: ='Таблица 4.9'!I46 -> 9734830.1
A22: 7.2. | B22: ППП | C22: ='Таблица 4.9'!D53 -> 6306576.8 | D22: ='Таблица 4.9'!E53 -> 6621905.6 | E22: ='Таблица 4.9'!F53 -> 6953000.9 | F22: ='Таблица 4.9'!G53 -> 7300650.9 | G22: ='Таблица 4.9'!H53 -> 7665683.5 | H22: ='Таблица 4.9'!I53 -> 8048967.7
A23: 7.3. | B23: ……. | F23: =E23*1.01 -> 0 | G23: 0 | H23: 0
A24: 8. | B24: отчисления на социальные нужды | C24: =C25+C26 -> 1334361.4 | D24: =D25+D26 -> 1387735.9 | E24: =E25+E26 -> 1443245.3 | F24: =F25+F26 -> 1500975.1 | G24: =G25+G26 -> 1561014.2 | H24: =H25+H26 -> 1623454.7
B25: счет 69 | C25: 1320917.3 | D25: =C25*1.04 -> 1373754 | E25: =D25*1.04 -> 1428704.2 | F25: =E25*1.04 -> 1485852.3 | G25: =F25*1.04 -> 1545286.4 | H25: =G25*1.04 -> 1607097.9 | J25: =J20*30% -> 1603149.6
B26: счет 69.11 | C26: 13444.14 | D26: =C26*1.04 -> 13981.906 | E26: =D26*1.04 -> 14541.182 | F26: =E26*1.04 -> 15122.829 | G26: =F26*1.04 -> 15727.742 | H26: =G26*1.04 -> 16356.852 | J26: =J20*0.64% -> 34200.525
B27: счет 96 | C27: 243464.98 | D27: =C27*1.04 -> 253203.58 | E27: =D27*1.04 -> 263331.73 | F27: =E27*1.04 -> 273864.99 | G27: =F27*1.04 -> 284819.59 | H27: =G27*1.04 -> 296212.38 | J27: =J20*11.59% -> 619350.13
A28: 9. | B28: ремонт основных средств выполняемый подрядным способом
A29: 10. | B29: расходы на оплату услуг, оказываемых организациями, осуществляющими регулируемую деятельность
A30: 10.1. | B30: технологические цели
A31: 10.2. | B31: хозяйственно-бытовые нужды
A32: 11. | B32: расходы на выполнение работ и услуг производственного характера, выполняемых по договорам со сторонними организациями или индивидуальными предпринимателями | C32: 1062140 | D32: =C32*1.04 -> 1104625.6 | E32: =D32*1.04 -> 1148810.6 | F32: =E32*1.04 -> 1194763 | G32: =F32*1.04 -> 1242553.6 | H32: =G32*1.04 -> 1292255.7
A33: 12. | B33: расходы на оплату иных работ и услуг, выполняемых по договорам с организациями, включая расходы на оплату услуг связи, вневедомственной охраны, коммунальных услуг, юридических, информационных, аудиторских и консультационных услуг
A34: 13. | B34: плата за выбросы и сбросы загрязняющих веществ в окружающую среду, размещение отходов и другие виды негативного воздействия на окружающую среду в пределах установленных нормативов и (или) лимитов
A35: 14. | B35: арендная плата, концессионная плата, лизинговые платежи
A36: 15. | B36: расходы на служебные командировки
A37: 16. | B37: расходы на обучение персонала | C37: 21000 | D37: =C37*1.04 -> 21840 | E37: =D37*1.04 -> 22713.6 | F37: =E37*1.04 -> 23622.144 | G37: =F37*1.04 -> 24567.03 | H37: =G37*1.04 -> 25549.711
A38: 17. | B38: расходы на страхование производственных объектов, учитываемые при определении налоговой базы по налогу на прибыль | C38: 7500 | D38: =C38*1.04 -> 7800 | E38: =D38*1.04 -> 8112 | F38: =E38*1.04 -> 8436.48 | G38: =F38*1.04 -> 8773.9392 | H38: =G38*1.04 -> 9124.8968
A39: 18. | B39: другие расходы, связанные с производством и (или) реализацией продукции, в том числе | C39: =C40+C41+C42+C43+C44+C45+C47+C46 -> 133740 | D39: =D40+D41+D42+D43+D44+D45+D47+D46 -> 139089.6 | E39: =E40+E41+E42+E43+E44+E45+E47+E46 -> 144653.18 | F39: =F40+F41+F42+F43+F44+F45+F47+F46 -> 150439.31 | G39: =G40+G41+G42+G43+G44+G45+G47+G46 -> 156456.88 | H39: =H40+H41+H42+H43+H44+H45+H47+H46 -> 162715.16
A40: 18.1. | B40: налог на имущество организаций
A41: 18.2. | B41: земельный налог
A42: 18.3. | B42: транспортный налог
A43: 18.4. | B43: водный налог
A44: 18.5. | B44: прочие налоги
A45: 18.6. | B45: общехозяйственные расходы | C45: 102905 | D45: =C45*1.04 -> 107021.2 | E45: =D45*1.04 -> 111302.05 | F45: =E45*1.04 -> 115754.13 | G45: =F45*1.04 -> 120384.3 | H45: =G45*1.04 -> 125199.67 | I45: из производства/котельная/внизу по проценту
A46: 18.7. | B46: спецодежда | C46: 30835 | D46: =C46*1.04 -> 32068.4 | E46: =D46*1.04 -> 33351.136 | F46: =E46*1.04 -> 34685.181 | G46: =F46*1.04 -> 36072.589 | H46: =G46*1.04 -> 37515.492 | I46: из требований по ПСХ(материалы) спецодежда (85%)
A47: 18.8. | B47: прочее
A48: II. | B48: Внереализационные расходы, всего
A49: 19. | B49: расходы на вывод из эксплуатации (в том числе на консервацию) и вывод из консервации
A50: 20. | B50: расходы по сомнительным долгам
A51: 21. | B51: расходы, связанные с созданием нормативных запасов топлива, включая расходы по обслуживанию заемных средств, привлекаемых для этих целей
A52: 22. | B52: другие обоснованные расходы, в том числе
A53: 22.1. | B53: расходы на услуги банков
A54: 22.2. | B54: расходы на обслуживание заемных средств
A55: III. | B55: Расходы, не учитываемые в целях налогообложения, всего
A56: 23. | B56: расходы на капитальные вложения (инвестиции)
A57: 24. | B57: денежные выплаты социального характера (по Коллективному договору)
A58: 25. | B58: резервный фонд
... A61: V. | B61: Выпадающие доходы/экономия средств
A62: VI. | B62: Необходимая валовая выручка, всего | C62: =C55+C48+C7 -> 35148347 | D62: =D55+D48+D7 -> 33541840 | E62: =E55+E48+E7 -> 35012607 | F62: =F55+F48+F7 -> 36552101 | G62: =G55+G48+G7 -> 38163052 | H62: =H55+H48+H7 -> 39848371
A63: VI.1 | B63: на производство электрической энергии
A64: VI.2 | B64: на производство тепловой энергии | C64: =C62 -> 35148347 | D64: =D62 -> 33541840 | E64: =E62 -> 35012607 | F64: =F62 -> 36552101 | G64: =G62 -> 38163052 | H64: =H62 -> 39848371
A65: VI.3 | B65: на производство теплоносителя
A66: VI.4 | B66: прочая продукция
A68: Определение операционных (подконтрольных) расходов на первый год долгосрочного периода регулирования (базовый уровень операционных расходов) (метод индексации установленных тарифов, метод обеспечения доходности инвестированного капитала)
A70: руб.
A71: N п.п. | B71: Наименование расхода | C71: Факт 2022г. | D71: Период регулирования 2024 г. | E71: Период регулирования 2025 г. | F71: Период регулирования 2026 г. | G71: Период регулирования 2027 г. | H71: Период регулирования 2028 г.
A72: 1 | B72: 2 | C72: 3 | D72: 4 | E72: 5 | F72: 6 | G72: 7 | H72: 8
A73: 1. | B73: Расходы на приобретение сырья и материалов | C73: =C74+C75 -> 1696033.3 | D73: =D74+D75 -> 1763874.6 | E73: =E74+E75 -> 1834429.6 | F73: =F74+F75 -> 1907806.8 | G73: =G74+G75 -> 1984119.1 | H73: =H74+H75 -> 2063483.8
A74: 1.1. | B74: материалы на химводоподготовку | C74: =C9 -> 1521770.3 | D74: =D9 -> 1582641.1 | E74: =E9 -> 1645946.8 | F74: =F9 -> 1711784.6 | G74: =G9 -> 1780256 | H74: =H9 -> 1851466.3
A75: 1.2. | B75: зап-ти, инструмент,вспом.мат-ы | C75: =C10 -> 174263 | D75: =D10 -> 181233.52 | E75: =E10 -> 188482.86 | F75: =F10 -> 196022.18 | G75: =G10 -> 203863.06 | H75: =H10 -> 212017.58
A76: 2. | B76: Расходы на ремонт основных средств | C76: =C28 -> 0 | D76: =D28 -> 0 | E76: =E28 -> 0 | F76: =F28 -> 0 | G76: =G28 -> 0 | H76: =H28 -> 0
A77: 3. | B77: Расходы на оплату труда | C77: =C20 -> 13934071 | D77: =D20 -> 14630774 | E77: =E20 -> 15362313 | F77: =F20 -> 16130429 | G77: =G20 -> 16936950 | H77: =H20 -> 17783798
A78: 3.1. | B78: ППП | C78: =C21 -> 7627494.1 | D78: =D21 -> 8008868.8 | E78: =E21 -> 8409312.2 | F78: =F21 -> 8829777.8 | G78: =G21 -> 9271266.7 | H78: =H21 -> 9734830.1
A79: 3.2. | B79: ИТР | C79: =C22 -> 6306576.8 | D79: =D22 -> 6621905.6 | E79: =E22 -> 6953000.9 | F79: =F22 -> 7300650.9 | G79: =G22 -> 7665683.5 | H79: =H22 -> 8048967.7
A80: 3.3. | B80: Счет 96 | C80: =C27 -> 243464.98 | D80: =D27 -> 253203.58 | E80: =E27 -> 263331.73 | F80: =F27 -> 273864.99 | G80: =G27 -> 284819.59 | H80: =H27 -> 296212.38
A81: 4. | B81: Расходы на оплату работ и услуг производственного характера, выполняемых по договорам со сторонними организациями | C81: =C32 -> 1062140 | D81: =D32 -> 1104625.6 | E81: =E32 -> 1148810.6 | F81: =F32 -> 1194763 | G81: =G32 -> 1242553.6 | H81: =H32 -> 1292255.7 | I81: 0
A82: 5. | B82: Расходы на оплату иных работ и услуг, выполняемых по договорам с организациями, включая:
A83: 5.1. | B83: Расходы на оплату услуг связи
A84: 5.2. | B84: Расходы на оплату вневедомственной охраны
A85: 5.3. | B85: Расходы на оплату коммунальных услуг
A86: 5.4. | B86: Расходы на оплату юридических, информационных, аудиторских и консультационных услуг
A87: 5.5. | B87: Расходы на оплату услуг по стратегическому управлению организацией
A88: 5.6. | B88: Расходы на оплату других работ и услуг
A89: 6. | B89: Расходы на служебные командировки
A90: 7. | B90: Расходы на обучение персонала | C90: =C37 -> 21000 | D90: =D37 -> 21840 | E90: =E37 -> 22713.6 | F90: =F37 -> 23622.144 | G90: =G37 -> 24567.03 | H90: =H37 -> 25549.711
A91: 8. | B91: Лизинговый платеж
A92: 9. | B92: Арендная плата
A93: 10. | B93: Другие расходы, в том числе: | C93: =C94+C95+C96 -> 133740 | D93: =D94+D95+D96 -> 139089.6 | E93: =E94+E95+E96 -> 144653.18 | F93: =F94+F95+F96 -> 150439.31 | G93: =G94+G95+G96 -> 156456.88 | H93: =H94+H95+H96 -> 162715.16
A94: 10.1. | B94: Общехозяйственные расходы | C94: =C45 -> 102905 | D94: =D45 -> 107021.2 | E94: =E45 -> 111302.05 | F94: =F45 -> 115754.13 | G94: =G45 -> 120384.3 | H94: =H45 -> 125199.67
A95: 10.2. | B95: спецодежда | C95: =C46 -> 30835 | D95: =D46 -> 32068.4 | E95: =E46 -> 33351.136 | F95: =F46 -> 34685.181 | G95: =G46 -> 36072.589 | H95: =H46 -> 37515.492
A96: 10.3. | B96: прочее | C96: =C47 -> 0 | D96: =D47 -> 0 | E96: =E47 -> 0 | F96: =F47 -> 0 | G96: =G47 -> 0 | H96: =H47 -> 0
A97: ...
B98: ИТОГО базовый уровень операционных расходов | C98: =C73+C76+C77+C81+C93+C80 -> 17069449 | D98: =D73+D76+D77+D81+D93+D80 -> 17891568 | E98: =E73+E76+E77+E81+E93+E80 -> 18753538 | F98: =F73+F76+F77+F81+F93+F80 -> 19657303 | G98: =G73+G76+G77+G81+G93+G80 -> 20604899 | H98: =H73+H76+H77+H81+H93+H80 -> 21598465
B102: ='Таблица 4.3'!B29 -> Бухгалтер | G102: ='Таблица 4.3'!P29 -> Сергеева Д.М.

Sheet Лист1
A1: 264.27
A2: 720
A3: 70
A4: 315
A5: 2683.33
A6: 1716.67
A7: 314.47
A8: 240
A9: 539.1
A10: 289.3
A11: 775.2
A12: 54100
... A17: 86.67
A18: 1 193,33
A19: 958.59
A20: 260
A21: 466
A22: 2 537,58
A23: 816.24
A24: 704.5
A25: 3 975,00
A26: 369.92
A27: 39 191,77
A28: 40 166,67
A29: 29 321,67
A30: 333.33
A31: 26 535,00
A33: 200.28
A34: 4 416,67
A35: 246.67
A36: 302.83
A37: 160
A38: 707.5
A39: 334.17
A40: 781.43
A41: 3 205,00
A42: 4333.33
A43: 19316.67
A44: 553.33
A45: 845.62
A46: 10530.83
A47: 138.96
A48: 163.01
A49: 418.55
A51: 636.67
A52: 180.75
A53: 3975
A54: 636.67
... A378: 754

Sheet Смета, Таблица 5.1 передача
A1: В том числе затраты на передачу тепловой энергии.
A2: Приложение 1
A4: Смета расходов (метод экономически обоснованных расходов (затрат))
A5: руб.
A6: N п/п | B6: Показатели | C6: Факт 2021 г. | D6: Период регулирования 2023 г. | E6: Период регулирования 2024 г. | F6: Период регулирования 2025 г. | G6: Период регулирования 2026 г. | H6: Период регулирования 2027 г.
A7: 1 | B7: 2 | C7: 3 | D7: 4 | E7: 5 | F7: 6 | G7: 7 | H7: 8
A8: I. | B8: Расходы, связанные с производством и реализацией продукции (услуг), всего | C8: 0 | D8: 0 | E8: 0 | F8: 0 | G8: 0 | H8: 0
A9: 1. | B9: расходы на сырье и материалы
A10: 1.1. | B10: материалы на химводоподготовку
A11: 1.2. | B11: зап-ти, инструмент,вспом.мат-ы
A12: 2. | B12: расходы на топливо
A13: 3. | B13: расходы на прочие покупаемые энергетические ресурсы
A14: 3.1. | B14: технологические цели
A15: 3.2. | B15: хозяйственно-бытовые нужды
A16: 4. | B16: расходы на холодную воду
A17: 4.1. | B17: технологические цели
A18: 4.2. | B18: хозяйственно-бытовые нужды
A19: 5. | B19: расходы на теплоноситель
A20: 6. | B20: амортизация основных средств и нематериальных активов
A21: 7. | B21: оплата труда | C21: 0 | D21: 0 | E21: 0 | F21: 0 | G21: 0 | H21: 0
A22: 7.1. | B22: ОПП
A23: 7.2. | B23: ИТР
A24: 7.3. | B24: ……. | D24: 0 | E24: 0 | F24: 0 | G24: 0 | H24: 0
A25: 8. | B25: отчисления на социальные нужды | C25: 0 | D25: 0 | E25: 0 | F25: 0 | G25: 0 | H25: 0
B26: счет 69
B27: счет 69.11
B28: счет 96
A29: 9. | B29: ремонт основных средств выполняемый подрядным способом
A30: 10. | B30: расходы на оплату услуг, оказываемых организациями, осуществляющими регулируемую деятельность
A31: 10.1. | B31: технологические цели
A32: 10.2. | B32: хозяйственно-бытовые нужды
A33: 11. | B33: расходы на выполнение работ и услуг производственного характера, выполняемых по договорам со сторонними организациями или индивидуальными предпринимателями
A34: 12. | B34: расходы на оплату иных работ и услуг, выполняемых по договорам с организациями, включая расходы на оплату услуг связи, вневедомственной охраны, коммунальных услуг, юридических, информационных, аудиторских и консультационных услуг
A35: 13. | B35: плата за выбросы и сбросы загрязняющих веществ в окружающую среду, размещение отходов и другие виды негативного воздействия на окружающую среду в пределах установленных нормативов и (или) лимитов
A36: 14. | B36: арендная плата, концессионная плата, лизинговые платежи
A37: 15. | B37: расходы на служебные командировки
A38: 16. | B38: расходы на обучение персонала
A39: 17. | B39: расходы на страхование производственных объектов, учитываемые при определении налоговой базы по налогу на прибыль
A40: 18. | B40: другие расходы, связанные с производством и (или) реализацией продукции, в том числе
... A61: V. | B61: Выпадающие доходы/экономия средств
A62: VI. | B62: Необходимая валовая выручка, всего | C62: 0 | D62: 0 | E62: 0 | F62: 0 | G62: 0 | H62: 0 | J62: всего | K62: 0 | L62: 0 | M62: 0
A63: VI.1 | B63: на производство электрической энергии | J63: оп.подконтр | K63: 0 | L63: 0 | M63: 0
A64: VI.2 | B64: на производство тепловой энергии | C64: 0 | D64: 0 | E64: 0 | F64: 0 | G64: 0 | H64: 0 | J64: оп. Не подконтр | K64: 727.55068 | L64: 0 | M64: 0
A65: VI.3 | B65: на производство теплоносителя | J65: ресурсы | K65: 9778.9495 | L65: 0 | M65: 0
A66: VI.4 | B66: прочая продукция | J66: итого | K66: 10506.5 | L66: 0 | M66: 0
J67: разница | K67: -10506.5 | L67: 0 | M67: 0
B68: ='Смета, Таблица 5.1'!B102 -> Бухгалтер | E68: ='Смета, Таблица 5.1'!G102 -> Сергеева Д.М.
A87: Определение операционных (подконтрольных) расходов на первый год долгосрочного периода регулирования (базовый уровень операционных расходов) (метод индексации установленных тарифов, метод обеспечения доходности инвестированного капитала)
E89: руб.
A90: N п.п. | B90: Наименование расхода | C90: Факт 2019 года | D90: Базовый период 2021 год | E90: Первый год очередного долгосрочного периода регу-лирования
A91: 1 | B91: 2 | C91: 3 | D91: 4 | E91: 5
A92: 1. | B92: Расходы на приобретение сырья и материалов | C92: 0 | D92: 0 | E92: 0
A93: 1.1. | B93: материалы на химводоподготовку | C93: 0 | D93: 0 | E93: 0
A94: 1.2. | B94: зап-ти, инструмент,вспом.мат-ы | C94: 0 | D94: 0 | E94: 0
A95: 2. | B95: Расходы на ремонт основных средств | C95: 0 | D95: 0 | E95: 0
A96: 3. | B96: Расходы на оплату труда | C96: 0 | D96: 0 | E96: 0
A97: 3.1. | B97: ОПП | C97: 0 | D97: 0 | E97: 0
A98: 3.2. | B98: ИТР | C98: 0 | D98: 0 | E98: 0
A99: 3.3. | B99: …….
A100: 4. | B100: Расходы на оплату работ и услуг производственного характера, выполняемых по договорам со сторонними организациями | C100: 0 | D100: 0 | E100: 0 | H100: 0 | I100: 0
A101: 5. | B101: Расходы на оплату иных работ и услуг, выполняемых по договорам с организациями, включая:
A102: 5.1. | B102: Расходы на оплату услуг связи
A103: 5.2. | B103: Расходы на оплату вневедомственной охраны
A104: 5.3. | B104: Расходы на оплату коммунальных услуг
A105: 5.4. | B105: Расходы на оплату юридических, информационных, аудиторских и консультационных услуг
A106: 5.5. | B106: Расходы на оплату услуг по стратегическому управлению организацией
A107: 5.6. | B107: Расходы на оплату других работ и услуг
A108: 6. | B108: Расходы на служебные командировки
A109: 7. | B109: Расходы на обучение персонала
A110: 8. | B110: Лизинговый платеж
A111: 9. | B111: Арендная плата
A112: 10. | B112: Другие расходы, в том числе: | C112: 0 | D112: 0 | E112: 0
A113: 10.1. | B113: Общехозяйственные расходы | C113: 0 | D113: 0 | E113: 0
A114: 10.2. | B114: Прочие расходы | C114: 0 | D114: 0 | E114: 0
A115: ...
B116: ИТОГО базовый уровень операционных расходов | C116: 0 | D116: 0 | E116: 0
B120: ='Смета, Таблица 5.1'!B102 -> Бухгалтер | D120: ='Смета, Таблица 5.1'!G102 -> Сергеева Д.М.

Sheet Смета, Таблица 5.1 сбыт
A1: В том числе затраты на сбыт тепловой энергии.
A2: Приложение 5.1
A4: Смета расходов (метод экономически обоснованных расходов (затрат))
A5: руб.
A6: N п/п | B6: Показатели | C6: Факт 2022 г. | D6: Период регулирования 2024г. | E6: Период регулирования 2025 г. | F6: Период регулирования 2026 г. | G6: Период регулирования 2027 г. | H6: Период регулирования 2028г.
A7: 1 | B7: 2 | C7: 3 | D7: 4 | E7: 5 | F7: 6 | G7: 7 | H7: 8
A8: I. | B8: Расходы, связанные с производством и реализацией продукции (услуг), всего | C8: =C9+C12+C13+C16+C20+C21+C25+C29+C30+C33+C34+C35+C36+C37+C38+C39+C40+C28 -> 102905 | D8: =D9+D12+D13+D16+D20+D21+D25+D29+D30+D33+D34+D35+D36+D37+D38+D39+D40+D28 -> 107021.2 | E8: =E9+E12+E13+E16+E20+E21+E25+E29+E30+E33+E34+E35+E36+E37+E38+E39+E40+E28 -> 111302.05 | F8: =F9+F12+F13+F16+F20+F21+F25+F29+F30+F33+F34+F35+F36+F37+F38+F39+F40+F28 -> 115754.13 | G8: =G9+G12+G13+G16+G20+G21+G25+G29+G30+G33+G34+G35+G36+G37+G38+G39+G40+G28 -> 120384.3 | H8: =H9+H12+H13+H16+H20+H21+H25+H29+H30+H33+H34+H35+H36+H37+H38+H39+H40 -> 125199.67
A9: 1. | B9: расходы на сырье и материалы | C9: =C10+C11 -> 0 | D9: =D10+D11 -> 0 | E9: =E10+E11 -> 0 | F9: =F10+F11 -> 0 | G9: =G10+G11 -> 0 | H9: =H10+H11 -> 0
A10: 1.1. | B10: материалы на химводоподготовку
A11: 1.2. | B11: зап-ти, инструмент,вспом.мат-ы
A12: 2. | B12: расходы на топливо | C12: 0 | D12: 0 | E12: 0 | F12: 0 | G12: 0 | H12: 0
A13: 3. | B13: расходы на прочие покупаемые энергетические ресурсы | C13: 0 | D13: 0 | E13: =D13*1.05 -> 0 | F13: =E13*1.05 -> 0 | G13: =F13*1.05 -> 0 | H13: =G13*1.05 -> 0
A14: 3.1. | B14: технологические цели | D14: 0 | E14: 0 | F14: 0 | G14: 0 | H14: 0
A15: 3.2. | B15: хозяйственно-бытовые нужды | D15: 0 | E15: 0 | F15: 0 | G15: 0 | H15: 0
A16: 4. | B16: расходы на холодную воду | C16: 0 | D16: 0 | E16: 0 | F16: 0 | G16: 0 | H16: 0
A17: 4.1. | B17: технологические цели | D17: 0 | E17: 0 | F17: 0 | G17: 0 | H17: 0
A18: 4.2. | B18: хозяйственно-бытовые нужды | D18: 0 | E18: 0 | F18: 0 | G18: 0 | H18: 0
A19: 5. | B19: расходы на теплоноситель | C19: 0 | D19: 0 | E19: 0 | F19: 0 | G19: 0 | H19: 0
A20: 6. | B20: амортизация основных средств и нематериальных активов | C20: 0 | D20: 0 | E20: 0 | F20: 0 | G20: 0 | H20: 0
A21: 7. | B21: оплата труда | C21: 0 | D21: 0 | E21: 0 | F21: 0 | G21: 0 | H21: 0
A22: 7.1. | B22: ППП | C22: 0 | D22: 0 | E22: 0 | F22: 0 | G22: 0 | H22: 0
A23: 7.2. | B23: ИТР | C23: 0 | D23: 0 | E23: 0 | F23: 0 | G23: 0 | H23: 0
A24: 7.3. | B24: ……. | D24: 0 | E24: 0 | F24: 0 | G24: 0 | H24: 0
A25: 8. | B25: отчисления на социальные нужды | C25: 0 | D25: 0 | E25: 0 | F25: 0 | G25: 0 | H25: 0
B26: счет 69 | C26: 0 | D26: 0 | E26: 0 | F26: 0 | G26: 0 | H26: 0
B27: счет 69.11 | C27: 0 | D27: 0 | E27: 0 | F27: 0 | G27: 0 | H27: 0
B28: Счет 96 | C28: 0 | D28: 0 | E28: 0 | F28: 0 | G28: 0 | H28: 0
A29: 9. | B29: ремонт основных средств выполняемый подрядным способом
A30: 10. | B30: расходы на оплату услуг, оказываемых организациями, осуществляющими регулируемую деятельность | C30: 0 | D30: 0 | E30: 0 | F30: 0 | G30: 0 | H30: 0
A31: 10.1. | B31: технологические цели | C31: 0 | D31: 0 | E31: 0 | F31: 0 | G31: 0 | H31: 0
A32: 10.2. | B32: хозяйственно-бытовые нужды | C32: 0 | D32: 0 | E32: 0 | F32: 0 | G32: 0 | H32: 0
A33: 11. | B33: расходы на выполнение работ и услуг производственного характера, выполняемых по договорам со сторонними организациями или индивидуальными предпринимателями | C33: 0 | D33: 0 | E33: 0 | F33: 0 | G33: 0 | H33: 0
A34: 12. | B34: расходы на оплату иных работ и услуг, выполняемых по договорам с организациями, включая расходы на оплату услуг связи, вневедомственной охраны, коммунальных услуг, юридических, информационных, аудиторских и консультационных услуг | C34: 0 | D34: 0 | E34: 0 | F34: 0 | G34: 0 | H34: 0
A35: 13. | B35: плата за выбросы и сбросы загрязняющих веществ в окружающую среду, размещение отходов и другие виды негативного воздействия на окружающую среду в пределах установленных нормативов и (или) лимитов | C35: 0 | D35: 0 | E35: 0 | F35: 0 | G35: 0 | H35: 0
A36: 14. | B36: арендная плата, концессионная плата, лизинговые платежи | C36: 0 | D36: 0 | E36: 0 | F36: 0 | G36: 0 | H36: 0
A37: 15. | B37: расходы на служебные командировки | C37: 0 | D37: 0 | E37: 0 | F37: 0 | G37: 0 | H37: 0
A38: 16. | B38: расходы на обучение персонала | C38: 0 | D38: 0 | E38: 0 | F38: 0 | G38: 0 | H38: 0
A39: 17. | B39: расходы на страхование производственных объектов, учитываемые при определении налоговой базы по налогу на прибыль | C39: 0 | D39: 0 | E39: 0 | F39: 0 | G39: 0 | H39: 0
A40: 18. | B40: другие расходы, связанные с производством и (или) реализацией продукции, в том числе | C40: =C46 -> 102905 | D40: =D46 -> 107021.2 | E40: =E46 -> 111302.05 | F40: =F46 -> 115754.13 | G40: =G46 -> 120384.3 | H40: =H46 -> 125199.67
A41: 18.1. | B41: налог на имущество организаций
A42: 18.2. | B42: земельный налог
A43: 18.3. | B43: транспортный налог
A44: 18.4. | B44: водный налог
A45: 18.5. | B45: прочие налоги
A46: 18.6. | B46: общехозяйственные расходы | C46: ='Смета, Таблица 5.1'!C45 -> 102905 | D46: ='Смета, Таблица 5.1'!D45 -> 107021.2 | E46: ='Смета, Таблица 5.1'!E45 -> 111302.05 | F46: ='Смета, Таблица 5.1'!F45 -> 115754.13 | G46: ='Смета, Таблица 5.1'!G45 -> 120384.3 | H46: ='Смета, Таблица 5.1'!H45 -> 125199.67
A47: 18.7. | B47: кисель, спецодежда | C47: 0 | D47: 0 | E47: 0 | F47: 0 | G47: 0 | H47: 0
A48: II. | B48: Внереализационные расходы, всего
A49: 19. | B49: расходы на вывод из эксплуатации (в том числе на консервацию) и вывод из консервации
A50: 20. | B50: расходы по сомнительным долгам
A51: 21. | B51: расходы, связанные с созданием нормативных запасов топлива, включая расходы по обслуживанию заемных средств, привлекаемых для этих целей
A52: 22. | B52: другие обоснованные расходы, в том числе
A53: 22.1. | B53: расходы на услуги банков
A54: 22.2. | B54: расходы на обслуживание заемных средств
A55: III. | B55: Расходы, не учитываемые в целях налогообложения, всего | C55: =C56+C57+C58+C59 -> 0 | D55: =D56+D57+D58+D59 -> 0 | E55: =E56+E57+E58+E59 -> 0 | F55: =F56+F57+F58+F59 -> 0 | G55: =G56+G57+G58+G59 -> 0 | H55: =H56+H57+H58+H59 -> 0
A56: 23. | B56: расходы на капитальные вложения (инвестиции) | C56: 0 | D56: 0 | E56: 0 | F56: 0 | G56: 0 | H56: 0
A57: 24. | B57: денежные выплаты социального характера (по Коллективному договору)
A58: 25. | B58: резервный фонд
A59: 26. | B59: прочие расходы (ОТ)
A60: IV. | B60: Налог на прибыль
A61: V. | B61: Выпадающие доходы/экономия средств
A62: VI. | B62: Необходимая валовая выручка, всего | C62: =C55+C48+C8 -> 102905 | D62: =D55+D48+D8 -> 107021.2 | E62: =E55+E48+E8 -> 111302.05 | F62: =F55+F48+F8 -> 115754.13 | G62: =G55+G48+G8 -> 120384.3 | H62: =H55+H48+H8 -> 125199.67 | I62: 210407.9 | J62: 0 | K62: 0
A63: VI.1 | B63: на производство электрической энергии | I63: 210407.9 | J63: 0 | K63: 0
A64: VI.2 | B64: на производство тепловой энергии | C64: =C62 -> 102905 | D64: =D62 -> 107021.2 | E64: =E62 -> 111302.05 | F64: =F62 -> 115754.13 | G64: =G62 -> 120384.3 | H64: =H62 -> 125199.67 | I64: 727.55068 | J64: 0 | K64: 0
A65: VI.3 | B65: на производство теплоносителя | I65: 9778.9495 | J65: 0 | K65: 0
A66: VI.4 | B66: прочая продукция | I66: 220914.4 | J66: 0 | K66: 0
I67: -10506.5 | J67: 0 | K67: 0
A89: Определение операционных (подконтрольных) расходов на первый год долгосрочного периода регулирования (базовый уровень операционных расходов) (метод индексации установленных тарифов, метод обеспечения доходности инвестированного капитала)
C91: руб.
A92: N п.п. | B92: Наименование расхода | C92: Факт 2022 г. | D92: Период регулирования 2024г. | E92: Период регулирования 2025г. | F92: Период регулирования 2026г. | G92: Период регулирования 2027г. | H92: Период регулирования 2028г.
A93: 1 | B93: 2 | C93: 3 | D93: 4 | E93: 5 | F93: 6 | G93: 7 | H93: 8
A94: 1. | B94: Расходы на приобретение сырья и материалов | C94: =C95+C96 -> 0 | D94: =D95+D96 -> 0 | E94: =E95+E96 -> 0 | F94: =F95+F96 -> 0 | G94: =G95+G96 -> 0 | H94: =H95+H96 -> 0
A95: 1.1. | B95: материалы на химводоподготовку | C95: =C10 -> 0 | D95: =D10 -> 0 | E95: =E10 -> 0 | F95: =F10 -> 0 | G95: =G10 -> 0 | H95: =H10 -> 0
A96: 1.2. | B96: зап-ти, инструмент,вспом.мат-ы | C96: =C11 -> 0 | D96: =D11 -> 0 | E96: =E11 -> 0 | F96: =F11 -> 0 | G96: =G11 -> 0 | H96: =H11 -> 0
A97: 2. | B97: Расходы на ремонт основных средств | C97: =C29 -> 0 | D97: =D29 -> 0 | E97: =E29 -> 0 | F97: =F29 -> 0 | G97: =G29 -> 0 | H97: =H29 -> 0
A98: 3. | B98: Расходы на оплату труда | C98: =C21 -> 0 | D98: =D21 -> 0 | E98: =E21 -> 0 | F98: =F21 -> 0 | G98: =G21 -> 0 | H98: =H21 -> 0
A99: 3.1. | B99: ОПП | C99: =C22 -> 0 | D99: =D22 -> 0 | E99: =E22 -> 0 | F99: =F22 -> 0 | G99: =G22 -> 0 | H99: =H22 -> 0
A100: 3.2. | B100: ИТР | C100: =C23 -> 0 | D100: =D23 -> 0 | E100: =E23 -> 0 | F100: =F23 -> 0 | G100: =G23 -> 0 | H100: =H23 -> 0
A101: 3.3. | B101: …….
A102: 4. | B102: Расходы на оплату работ и услуг производственного характера, выполняемых по договорам со сторонними организациями | C102: =C33 -> 0 | D102: =D33 -> 0 | E102: =E33 -> 0 | F102: =F33 -> 0 | G102: =G33 -> 0 | H102: =H33 -> 0 | I102: 0
A103: 5. | B103: Расходы на оплату иных работ и услуг, выполняемых по договорам с организациями, включая:
A104: 5.1. | B104: Расходы на оплату услуг связи
A105: 5.2. | B105: Расходы на оплату вневедомственной охраны
A106: 5.3. | B106: Расходы на оплату коммунальных услуг
A107: 5.4. | B107: Расходы на оплату юридических, информационных, аудиторских и консультационных услуг
A108: 5.5. | B108: Расходы на оплату услуг по стратегическому управлению организацией
A109: 5.6. | B109: Расходы на оплату других работ и услуг
A110: 6. | B110: Расходы на служебные командировки
A111: 7. | B111: Расходы на обучение персонала
A112: 8. | B112: Лизинговый платеж
A113: 9. | B113: Арендная плата
A114: 10. | B114: Другие расходы, в том числе: | C114: =C115+C116 -> 102905 | D114: =D115+D116 -> 107021.2 | E114: =E115+E116 -> 111302.05 | F114: =F115+F116 -> 115754.13 | G114: =G115+G116 -> 120384.3 | H114: =H115+H116 -> 125199.67
A115: 10.1. | B115: Общехозяйственные расходы | C115: =C46 -> 102905 | D115: =D46 -> 107021.2 | E115: =E46 -> 111302.05 | F115: =F46 -> 115754.13 | G115: =G46 -> 120384.3 | H115: =H46 -> 125199.67
A116: 10.2. | B116: Прочие расходы | C116: =C55 -> 0 | D116: =D55 -> 0 | E116: =E55 -> 0 | F116: =F55 -> 0 | G116: =G55 -> 0 | H116: =H55 -> 0
A117: ...
B118: ИТОГО базовый уровень операционных расходов | C118: =C94+C97+C98+C102+C114 -> 102905 | D118: =D94+D97+D98+D102+D114 -> 107021.2 | E118: =E94+E97+E98+E102+E114 -> 111302.05 | F118: =F94+F97+F98+F102+F114 -> 115754.13 | G118: =G94+G97+G98+G102+G114 -> 120384.3 | H118: =H94+H97+H98+H102+H114 -> 125199.67
B122: ='Таблица 4.3'!B29 -> Бухгалтер | D122: ='Таблица 4.3'!P29 -> Сергеева Д.М.

Sheet Таблица 5.2
A1: Приложение 5.2
A4: Расчет операционных (подконтрольных) расходов
A5: на каждый год долгосрочного периода регулирования
A7: N | B7: Параметры расчета расходов | C7: Единица измерения | D7: Долгосрочный период регулирования
A8: п.п. | D8: Год 2022 | E8: Год 2024 | F8: Год 2025 | G8: Год 2026 | H8: Год 2027 | I8: Год 2028
A9: 1 | B9: 2 | C9: 3 | D9: 4 | E9: 5 | F9: 6 | G9: 7 | H9: 8 | I9: 9
A10: 1. | B10: Индекс потребительских цен на расчетный период регулирования (ИПЦ) | D10: 1.04 | E10: 1.04 | F10: 1.04 | G10: 1.04 | H10: 1.04 | I10: 1.04
A11: 2. | B11: Индекс эффективности операционных расходов (ИР) | C11: %
A12: 3. | B12: Индекс изменения количества активов (ИКА) | D12: 1 | E12: 1 | F12: 1 | G12: 1 | H12: 1 | I12: 1
A13: 3.1. | B13: количество условных единиц, относящихся к активам, необходимым для осуществления регулируемой деятельности | C13: у.е. | D13: 22.6 | E13: 22.6 | F13: 22.6 | G13: 22.6 | H13: 22.6 | I13: 22.6
A14: 3.2. | B14: установленная тепловая мощность источника тепловой энергии | C14: Гкал/ч | D14: 2.2 | E14: 2.2 | F14: 2.2 | G14: 2.2 | H14: 2.2 | I14: 2.2
A15: 4. | B15: Коэффициент эластичности затрат по росту активов (Кэл)
A16: 5. | B16: Операционные (подконтрольные) расходы | C16: тыс.руб. | D16: ='Смета, Таблица 5.1'!C98/1000 -> 17069.449 | E16: ='Смета, Таблица 5.1'!D98/1000 -> 17891.568 | F16: ='Смета, Таблица 5.1'!E98/1000 -> 18753.538 | G16: ='Смета, Таблица 5.1'!F98/1000 -> 19657.303 | H16: ='Смета, Таблица 5.1'!G98/1000 -> 20604.899 | I16: ='Смета, Таблица 5.1'!H98/1000 -> 21598.465
B22: ='Таблица 4.3'!B29 -> Бухгалтер | D22: ='Таблица 4.3'!P29 -> Сергеева Д.М.
A30: Примечания:
A31: 1. Год i0 - первый год долгосрочного периода регулирования, год i1 - последний год долгосрочного периода регулирования.
A32: 2. Строка 3 заполняется в соответствии с пунктом 38 настоящих Методических указаний; строка 3.1 – для организаций, осуществляющих деятельность по передаче тепловой энергии и теплоносителя, в соответствии с приложением 2 к настоящим Методическим указаниям; строка 3.2 – для организаций, осуществляющих деятельность по производству тепловой энергии (мощности), с учетом инвестиционной программы регулируемой организации на соответствующий год.
A33: 3. Ст. 5 гр. 4 заполняется по данным таблицы приложения 5.1 к настоящим Методическим указаниям.
A34: 4. Гр. 5 – n заполняются расчетно, как значение операционных (неподконтрольных) расходов в предыдущей графе, умноженное на соответствующие индексы текущего года, указанные в строках 1 – 4.

Sheet Таблица 5.3
A1: Приложение 5.3
A5: Реестр неподконтрольных расходов
H6: тыс.руб.
A7: тыс. руб.
C8: Год 2022
A9: N п.п. | B9: Наименование расхода | C9: фактически понесенные расходы в 2022 году по данным организации | D9: прогноз расходов на год 2024 по данным организации | E9: прогноз расходов на год 2025 по данным организации | F9: прогноз расходов на год 2026 по данным организации | G9: прогноз расходов на год 2027 по данным организации | H9: прогноз расходов на год 2028 по данным организации
A10: 1 | B10: 2 | C10: 3 | D10: 4 | E10: 5 | F10: 6 | G10: 7 | H10: 8
A11: 1.1. | B11: Расходы на оплату услуг, оказываемых организациями, осуществляющими регулируемые виды деятельности
A12: 1.2. | B12: Арендная плата
A13: 1.3. | B13: Концессионная плата
A14: 1.4. | B14: Расходы на уплату налогов, сборов и других обязательных платежей, в том числе: | C14: =C16+C17 -> 7.5 | D14: =D16+D17 -> 7.8 | E14: =E16+E17 -> 8.112 | F14: =F16+F17 -> 8.43648 | G14: =G16+G17 -> 8.7739392 | H14: =H16+H17 -> 9.1248968
A15: 1.4.1. | B15: плата за выбросы и сбросы загрязняющих веществ в окружающую среду, размещение отходов и другие виды негативного воздействия на окружающую среду в пределах установленных нормативов и (или) лимитов
A16: 1.4.2. | B16: расходы на обязательное страхование | C16: ='Смета, Таблица 5.1'!C38/1000 -> 7.5 | D16: ='Смета, Таблица 5.1'!D38/1000 -> 7.8 | E16: ='Смета, Таблица 5.1'!E38/1000 -> 8.112 | F16: ='Смета, Таблица 5.1'!F38/1000 -> 8.43648 | G16: ='Смета, Таблица 5.1'!G38/1000 -> 8.7739392 | H16: ='Смета, Таблица 5.1'!H38/1000 -> 9.1248968
A17: 1.4.3. | B17: иные расходы
A18: 1.5. | B18: Отчисления на социальные нужды | C18: ='Смета, Таблица 5.1'!C24/1000 -> 1334.3614 | D18: ='Смета, Таблица 5.1'!D24/1000 -> 1387.7359 | E18: ='Смета, Таблица 5.1'!E24/1000 -> 1443.2453 | F18: ='Смета, Таблица 5.1'!F24/1000 -> 1500.9751 | G18: ='Смета, Таблица 5.1'!G24/1000 -> 1561.0142 | H18: ='Смета, Таблица 5.1'!H24/1000 -> 1623.4547
A19: 1.6. | B19: Расходы по сомнительным долгам
A20: 1.7. | B20: Амортизация основных средств и нематериальных активов | C20: ='Смета, Таблица 5.1'!C19/1000 -> 106.595 | D20: ='Смета, Таблица 5.1'!D19/1000 -> 90.60575 | E20: ='Смета, Таблица 5.1'!E19/1000 -> 77.014888 | F20: ='Смета, Таблица 5.1'!F19/1000 -> 65.462654 | G20: ='Смета, Таблица 5.1'!G19/1000 -> 55.643256 | H20: ='Смета, Таблица 5.1'!H19/1000 -> 47.296768
A21: 1.8. | B21: Расходы на выплаты по договорам займа и кредитным договорам, включая проценты по ним
B22: ИТОГО | C22: =C20+C18+C16 -> 1448.4564 | D22: =D20+D18+D16 -> 1486.1416 | E22: =E20+E18+E16 -> 1528.3722 | F22: =F20+F18+F16 -> 1574.8743 | G22: =G20+G18+G16 -> 1625.4313 | H22: =H20+H18+H16 -> 1679.8764
A23: 2. | B23: Налог на прибыль
A24: 3. | B24: Экономия, определенная в прошедшем долгосрочном периоде регулирования и подлежащая учету в текущем долгосрочном периоде регулирования
A25: 4. | B25: Итого неподконтрольных расходов | C25: =C11+C14+C18+C19+C20+C21+C23+C24 -> 1448.4564 | D25: =D11+D14+D18+D19+D20+D21+D23+D24 -> 1486.1416 | E25: =E11+E14+E18+E19+E20+E21+E23+E24 -> 1528.3722 | F25: =F11+F14+F18+F19+F20+F21+F23+F24 -> 1574.8743 | G25: =G11+G14+G18+G19+G20+G21+G23+G24 -> 1625.4313 | H25: =H11+H14+H18+H19+H20+H21+H23+H24 -> 1679.8764
B27: ='Таблица 4.3'!B29 -> Бухгалтер | E27: ='Таблица 4.3'!P29 -> Сергеева Д.М.
A34: Примечания:
A35: 1. Год i0 - первый год долгосрочного периода регулирования, год i1 - последний год долгосрочного периода регулирования.
A36: 2. Строки 1.7, 1.8 при использовании метода обеспечения доходности инвестированного капитала не заполняются.
A37: 3. Гр. 3, 5, … n-1 заполняется регулируемой организацией по итогам фактически понесенных расходов в соответствующем расчетном периоде регулирования..
A38: 4. Гр. 4, 6, … n в течение долгосрочного периода регулирования заполняются регулируемой организацией с учетом уточнения планируемых значений расходов.

Sheet Таблица 5.3 передача
A1: В том числе затраты на передачу тепловой энергии.
A2: Приложение 5.3
A6: Реестр неподконтрольных расходов
A8: тыс. руб.
C9: Год 2021
A10: N п.п. | B10: Наименование расхода | C10: фактически понесенные расходы в 2022 году по данным организации | D10: прогноз расходов на год 2024 по данным организации | E10: прогноз расходов на год 2025 по данным организации | F10: прогноз расходов на год 2026 по данным организации | G10: прогноз расходов на год 2027 по данным организации | H10: прогноз расходов на год 2028 по данным организации
A11: 1 | B11: 2 | C11: 3 | D11: 4 | E11: 5 | F11: 6 | G11: 7 | H11: 8
A12: 1.1. | B12: Расходы на оплату услуг, оказываемых организациями, осуществляющими регулируемые виды деятельности
A13: 1.2. | B13: Арендная плата
A14: 1.3. | B14: Концессионная плата
A15: 1.4. | B15: Расходы на уплату налогов, сборов и других обязательных платежей, в том числе: | C15: =C17+C18 -> 7.5 | D15: =D17+D18 -> 7.8 | E15: =E17+E18 -> 8.112 | F15: =F17+F18 -> 8.43648 | G15: =G17+G18 -> 8.7739392 | H15: =H17+H18 -> 9.1248968
A16: 1.4.1. | B16: плата за выбросы и сбросы загрязняющих веществ в окружающую среду, размещение отходов и другие виды негативного воздействия на окружающую среду в пределах установленных нормативов и (или) лимитов
A17: 1.4.2. | B17: расходы на обязательное страхование | C17: ='Смета, Таблица 5.1'!C38/1000 -> 7.5 | D17: ='Смета, Таблица 5.1'!D38/1000 -> 7.8 | E17: ='Смета, Таблица 5.1'!E38/1000 -> 8.112 | F17: ='Смета, Таблица 5.1'!F38/1000 -> 8.43648 | G17: ='Смета, Таблица 5.1'!G38/1000 -> 8.7739392 | H17: ='Смета, Таблица 5.1'!H38/1000 -> 9.1248968
A18: 1.4.3. | B18: иные расходы
A19: 1.5. | B19: Отчисления на социальные нужды | C19: ='Смета, Таблица 5.1'!C24/1000 -> 1334.3614 | D19: ='Смета, Таблица 5.1'!D24/1000 -> 1387.7359 | E19: ='Смета, Таблица 5.1'!E24/1000 -> 1443.2453 | F19: ='Смета, Таблица 5.1'!F24/1000 -> 1500.9751 | G19: ='Смета, Таблица 5.1'!G24/1000 -> 1561.0142 | H19: ='Смета, Таблица 5.1'!H24/1000 -> 1623.4547
A20: 1.6. | B20: Расходы по сомнительным долгам
A21: 1.7. | B21: Амортизация основных средств и нематериальных активов | C21: ='Смета, Таблица 5.1'!C19/1000 -> 106.595 | D21: ='Смета, Таблица 5.1'!D19/1000 -> 90.60575 | E21: ='Смета, Таблица 5.1'!E19/1000 -> 77.014888 | F21: ='Смета, Таблица 5.1'!F19/1000 -> 65.462654 | G21: ='Смета, Таблица 5.1'!G19/1000 -> 55.643256 | H21: ='Смета, Таблица 5.1'!H19/1000 -> 47.296768
A22: 1.8. | B22: Расходы на выплаты по договорам займа и кредитным договорам, включая проценты по ним
B23: ИТОГО | C23: =C17+C19+C21 -> 1448.4564 | D23: =D17+D19+D21 -> 1486.1416 | E23: =E17+E19+E21 -> 1528.3722 | F23: =F17+F19+F21 -> 1574.8743 | G23: =G17+G19+G21 -> 1625.4313 | H23: =H17+H19+H21 -> 1679.8764
A24: 2. | B24: Налог на прибыль
A25: 3. | B25: Экономия, определенная в прошедшем долгосрочном периоде регулирования и подлежащая учету в текущем долгосрочном периоде регулирования
A26: 4. | B26: Итого неподконтрольных расходов | C26: =C15+C19+C21 -> 1448.4564 | D26: =D15+D19+D21 -> 1486.1416 | E26: =E15+E19+E21 -> 1528.3722 | F26: =F15+F19+F21 -> 1574.8743 | G26: =G15+G19+G21 -> 1625.4313 | H26: =H15+H19+H21 -> 1679.8764
B30: ='Таблица 5.3'!B27 -> Бухгалтер | E30: ='Таблица 5.3'!E27:F27 -> Сергеева Д.М.
A35: Примечания:
A36: 1. Год i0 - первый год долгосрочного периода регулирования, год i1 - последний год долгосрочного периода регулирования.
A37: 2. Строки 1.7, 1.8 при использовании метода обеспечения доходности инвестированного капитала не заполняются.
A38: 3. Гр. 3, 5, … n-1 заполняется регулируемой организацией по итогам фактически понесенных расходов в соответствующем расчетном периоде регулирования..
A39: 4. Гр. 4, 6, … n в течение долгосрочного периода регулирования заполняются регулируемой организацией с учетом уточнения планируемых значений расходов.

Sheet Таблица 5.4
A1: Приложение 5.4
A2: Реестр расходов на приобретение энергетических ресурсов,
A3: холодной воды и теплоносителя (далее в настоящем приложении – ресурсы)
A5: тыс.руб.
A6: N п.п. | B6: Наименование ресурса | C6: Год 2022
C7: фактически понесенные расходы в 2022 году по данным регулируемой организации | D7: прогноз расходов на год 2024 по данным регулируемой организации | E7: прогноз расходов на год 2025 по данным регулируемой организации | F7: прогноз расходов на год 2026 по данным регулируемой организации | G7: прогноз расходов на год 2027 по данным регулируемой организации | H7: прогноз расходов на год 2028 по данным регулируемой организации
A8: 1 | B8: 2 | C8: 3 | D8: 4 | E8: 5 | F8: 6 | G8: 7 | H8: 8
A10: 1. | B10: Расходы на топливо | C10: ='Смета, Таблица 5.1'!C11/1000 -> 11816.4 | D10: ='Смета, Таблица 5.1'!D11/1000 -> 12289.056 | E10: ='Смета, Таблица 5.1'!E11/1000 -> 12780.618 | F10: ='Смета, Таблица 5.1'!F11/1000 -> 13291.843 | G10: ='Смета, Таблица 5.1'!G11/1000 -> 13823.517 | H10: ='Смета, Таблица 5.1'!H11/1000 -> 14376.457
A11: 2. | B11: Расходы на электрическую энергию | C11: ='Смета, Таблица 5.1'!C12/1000 -> 4525.7069 | D11: ='Смета, Таблица 5.1'!D12/1000 -> 1568.7007 | E11: ='Смета, Таблица 5.1'!E12/1000 -> 1631.4487 | F11: ='Смета, Таблица 5.1'!F12/1000 -> 1696.7066 | G11: ='Смета, Таблица 5.1'!G12/1000 -> 1764.5749 | H11: ='Смета, Таблица 5.1'!H12/1000 -> 1835.1579
A12: 3. | B12: Расходы на тепловую энергию | C12: 0 | D12: 0 | E12: 0 | F12: 0 | G12: 0 | H12: 0
A13: 4. | B13: Расходы на холодную воду | C13: ='Смета, Таблица 5.1'!C15/1000 -> 267.3345 | D13: ='Смета, Таблица 5.1'!D15/1000 -> 284.53413 | E13: ='Смета, Таблица 5.1'!E15/1000 -> 295.9155 | F13: ='Смета, Таблица 5.1'!F15/1000 -> 307.75212 | G13: ='Смета, Таблица 5.1'!G15/1000 -> 320.0622 | H13: ='Смета, Таблица 5.1'!H15/1000 -> 332.86469
A14: 5. | B14: Расходы на теплоноситель | C14: 0 | D14: 0 | E14: 0 | F14: 0 | G14: 0 | H14: 0
A15: 6. | B15: ИТОГО | C15: =C10+C11+C13 -> 16609.441 | D15: =D10+D11+D13 -> 14142.291 | E15: =E10+E11+E13 -> 14707.982 | F15: =F10+F11+F13 -> 15296.302 | G15: =G10+G11+G13 -> 15908.154 | H15: =H10+H11+H13 -> 16544.48
B19: ='Таблица 5.3'!B27 -> Бухгалтер | E19: ='Таблица 5.3'!E27:F27 -> Сергеева Д.М.
A22: Примечания:
A23: 1. Год i0 - первый год долгосрочного периода регулирования, год i1 - последний год долгосрочного периода регулирования;
A24: 2. Гр. 3, 5, n-1 заполняется регулируемой организацией по данным о фактически приобретенных энергетических ресурсах, холодной воды и теплоносителя.
A25: 3. Строки 1 - 5 заполняются по данным Приложений 4.4, 4.7 и 4.8 к настоящим Методическим указаниям.

Sheet Таблица 5.9
A1: Приложение 5.9
A3: Расчет необходимой валовой выручки методом индексации установленных тарифов
A4: тыс.рублей
A5: N п.п. | B5: Наименование расхода | C5: Год 2022
C6: факт в 2022 году по данным регулируемой организации | D6: прогноз расходов на год 2024 по данным регулируемой организации | E6: прогноз расходов на год 2025 по данным регулируемой организации | F6: прогноз расходов на год 2026 по данным регулируемой организации | G6: прогноз расходов на год 2027 по данным регулируемой организации | H6: прогноз расходов на год 2028 по данным регулируемой организации
A7: 1 | B7: 2 | C7: 3 | D7: 4 | E7: 5 | F7: 6 | G7: 7 | H7: 8
A8: 1. | B8: Операционные (подконтрольные) расходы | C8: ='Смета, Таблица 5.1'!C98/1000 -> 17069.449 | D8: ='Смета, Таблица 5.1'!D98/1000 -> 17891.568 | E8: ='Смета, Таблица 5.1'!E98/1000 -> 18753.538 | F8: ='Смета, Таблица 5.1'!F98/1000 -> 19657.303 | G8: ='Смета, Таблица 5.1'!G98/1000 -> 20604.899 | H8: ='Смета, Таблица 5.1'!H98/1000 -> 21598.465
A9: 2. | B9: Неподконтрольные расходы | C9: ='Таблица 5.3'!C25 -> 1448.4564 | D9: ='Таблица 5.3'!D25 -> 1486.1416 | E9: ='Таблица 5.3'!E25 -> 1528.3722 | F9: ='Таблица 5.3'!F25 -> 1574.8743 | G9: ='Таблица 5.3'!G25 -> 1625.4313 | H9: ='Таблица 5.3'!H25 -> 1679.8764
A10: 3. | B10: Расходы на приобретение (производство) энергетических ресурсов, холодной воды и теплоносителя | C10: ='Таблица 5.4'!C15 -> 16609.441 | D10: ='Таблица 5.4'!D15 -> 14142.291 | E10: ='Таблица 5.4'!E15 -> 14707.982 | F10: ='Таблица 5.4'!F15 -> 15296.302 | G10: ='Таблица 5.4'!G15 -> 15908.154 | H10: ='Таблица 5.4'!H15 -> 16544.48
A12: 4. | B12: Прибыль
A13: 5. | B13: Результаты деятельности до перехода к регулированию цен (тарифов) на основе долгосрочных параметров регулирования
A14: 6. | B14: Корректировка с целью учета отклонения фактических значений параметров расчета тарифов от значений, учтенных при установлении тарифов
A15: 7. | B15: Корректировка с учетом надежности и качества реализуемых товаров (оказываемых услуг), подлежащая учету в НВВ
A16: 8. | B16: Корректировка НВВ в связи с изменением (неисполнением) инвестиционной программы
A17: 9. | B17: Корректировка, подлежащая учету в НВВ и учитывающая отклонение фактических показателей энергосбережения и повышения энергетической эффективности от установленных плановых (расчетных) показателей и отклонение сроков реализации программы в области энергосбережения и повышения энергетической эффективности от установленных сроков реализации такой программы
A18: 10. | B18: ИТОГО необходимая валовая выручка | C18: =C8+C9+C10 -> 35127.347 | D18: =D8+D9+D10 -> 33520 | E18: =E8+E9+E10 -> 34989.893 | F18: =F8+F9+F10 -> 36528.479 | G18: =G8+G9+G10 -> 38138.484 | H18: =H8+H9+H10 -> 39822.821
A19: 11. | B19: Товарная выручка
B22: ='Таблица 4.10'!B117 -> Бухгалтер | E22: ='Смета, Таблица 5.1'!G102 -> Сергеева Д.М.
A27: Примечания:
A28: 1. Год i0 - первый год долгосрочного периода регулирования, год i1 - последний год долгосрочного периода регулирования.
A29: 2. Графы 3, 5, …, n-1 строк 1 и 3 заполняются на основе фактических значений параметров расчета тарифов взамен прогнозных.
A30: 3. Строка 5 заполняется только для первого долгосрочного периода регулирования.
A31: 4. Графы 4, 6, …, n строки 10 заполняются как сумма соответствующих граф строк с 1 по 9.
A32: 5. Графы 3, 5, …, n-1 строки 10 заполняются как сумма соответствующих граф строк с 1 по 5.
A33: 6. В строке 6:
A34: гр. 7 = гр. 3 стр. 10 – гр. 3 стр. 11 + гр. 3 стр. 6;
A35: гр. 9 = гр. 5 стр. 10 – гр. 5 стр. 11 + гр. 5 стр. 6 и т.д.;
A36: гр. 3 и 5 заполняются аналогично по данным таблицы предыдущего долгосрочного периода регулирования.
A37: 7. Строка 11 заполняется только в графах 3, 5, …, n-1.
A38: 8. К таблице прилагаются дополнительные материалы, содержащие обоснованный расчет по строкам 7, 8, 9, 11.

Sheet Лист2

Sheet Таблица 6.1
A1: Приложение 6
A2: к Методическим указаниям
A3: утвержденным приказом ФСТ России
A4: от «13» июля 2013 г. № 760-э
A7: Расчет регулируемых цен (тарифов) на товары и услуги в сфере теплоснабжения
A9: Приложение 6.1.
A11: Расчет тарифов на тепловую энергию (мощность), отпускаемую от источника (источников) тепловой энергии
A13: № п/п | B13: Источник тепловой энергии | C13: Необходимая валовая выручка, тыс.руб. | D13: Объем отпуска тепловой энергии от источника тепловой энергии, тыс. Гкал | E13: в т.ч. по нерегулируемым долгосрочным договорам, тыс. Гкал | F13: Суммарная договорная (заявленная) тепловая нагрузка потребителей тепловой энергии, Гкал/ч | G13: в т.ч. по нерегулируемым долгосрочным договорам, Гкал/ч | H13: Расходы на топливо, тыс. руб. | I13: Односта-вочный тариф, руб./ Гкал | J13: Ставка за тепловую энергию двухставочного тарифа, руб./ Гкал | K13: Ставка за содержание тепловой мощности двухставочного тарифа, тыс. руб./Гкал/ч в мес.
A15: 1 | B15: 2 | C15: 3 | D15: 4 | E15: 5 | F15: 6 | G15: 7 | H15: 8 | I15: 9 | J15: 10 | K15: 11
A16: Базовый период (2022 год)
A17: 1 | B17: Источник тепловой энергии 1 | C17: ='Смета, Таблица 5.1'!C7/1000 -> 35148.347 | D17: ='Таблица 4.3'!E10*1000 -> 11939 | H17: ='Таблица 5.4'!C10 -> 11816.4 | I17: =C17/D17*1000 -> 2943.9942 | M17: =I17/100*20 -> 588.79884 | N17: =M17+I17 -> 3532.7931
B18: - отборный пар от 2,5 до 7,0 кгс/см2 - отборный пар от 2,5 до 7,0 кгс/см2 | C18: =C17 -> 35148.347 | D18: =D17 -> 11939 | H18: =H17 -> 11816.4 | I18: =I17 -> 2943.9942 | L18: с 01.01.23г.
B19: … | L19: ставить из старых тарифов
A20: Базовый период (2024 год)
A21: 2 | B21: Источник тепловой энергии 1 | C21: ='Смета, Таблица 5.1'!D7/1000 -> 33541.84 | D21: ='Таблица 4.3'!I10*1000 -> 10522 | H21: ='Таблица 5.4'!D10 -> 12289.056 | I21: =C21/D21*1000 -> 3187.7818 | L21: 01.07.23г. | M21: =I21/100*20 -> 637.55636 | N21: =M21+I21 -> 3825.3382
B22: - отборный пар от 2,5 до 7,0 кгс/см2 - отборный пар от 2,5 до 7,0 кгс/см2 | C22: =C21 -> 33541.84 | D22: =D21 -> 10522 | H22: =H21 -> 12289.056 | I22: =I21 -> 3187.7818 | L22: 01.01.24г.
A24: Базовый период (2025 год)
A25: 3 | B25: Источник тепловой энергии 1 | C25: ='Смета, Таблица 5.1'!E7/1000 -> 35012.607 | D25: ='Таблица 4.3'!M10*1000 -> 10484 | H25: ='Таблица 5.4'!E10 -> 12780.618 | I25: =C25/D25*1000 -> 3339.6229 | L25: 01.07.24г. | M25: =I25/100*20 -> 667.92458 | N25: =M25+I25 -> 4007.5475
B26: - отборный пар от 2,5 до 7,0 кгс/см2 - отборный пар от 2,5 до 7,0 кгс/см2 | C26: =C25 -> 35012.607 | D26: =D25 -> 10484 | H26: =H25 -> 12780.618 | I26: =I25 -> 3339.6229 | L26: 01.01.25г.
B27: …
A28: Базовый период (2026 год)
A29: 4 | B29: Источник тепловой энергии 1 | C29: ='Смета, Таблица 5.1'!F7/1000 -> 36552.101 | D29: ='Таблица 4.3'!Q10*1000 -> 10446 | H29: ='Таблица 5.4'!F10 -> 13291.843 | I29: =C29/D29*1000 -> 3499.1481 | L29: 01.07.25г. | M29: =I29/100*20 -> 699.82962 | N29: =M29+I29 -> 4198.9777
B30: - отборный пар от 2,5 до 7,0 кгс/см2 - отборный пар от 2,5 до 7,0 кгс/см2 | C30: =C29 -> 36552.101 | D30: =D29 -> 10446 | H30: =H29 -> 13291.843 | I30: =I29 -> 3499.1481 | L30: 01.01.26г.
B31: …
A32: Базовый период (2027 год)
A33: 5 | B33: Источник тепловой энергии 1 | C33: ='Смета, Таблица 5.1'!G7/1000 -> 38163.052 | D33: ='Таблица 4.3'!U10*1000 -> 10408 | H33: ='Таблица 5.4'!G10 -> 13823.517 | I33: =C33/D33*1000 -> 3666.7036 | L33: 01.07.26г. | M33: =I33/100*20 -> 733.34073 | N33: =M33+I33 -> 4400.0444
B34: - отборный пар от 2,5 до 7,0 кгс/см2 - отборный пар от 2,5 до 7,0 кгс/см2 | C34: =C33 -> 38163.052 | D34: =D33 -> 10408 | H34: =H33 -> 13823.517 | I34: =I33 -> 3666.7036 | L34: 01.01.27г.
B35: …
A36: Базовый период (2028 год)
A37: 6 | B37: Источник тепловой энергии 1 | C37: ='Смета, Таблица 5.1'!H7/1000 -> 39848.371 | D37: ='Таблица 4.3'!Y10*1000 -> 10370 | H37: ='Таблица 5.4'!H10 -> 14376.457 | I37: =C37/D37*1000 -> 3842.6587 | L37: 01.07.27г. | M37: =I37/100*20 -> 768.53174 | N37: =M37+I37 -> 4611.1905
B38: - отборный пар от 2,5 до 7,0 кгс/см2 - отборный пар от 2,5 до 7,0 кгс/см2 | C38: =C37 -> 39848.371 | D38: =D37 -> 10370 | H38: =H37 -> 14376.457 | I38: =I37 -> 3842.6587 | L38: по 31.12.27
B39: …
A42: Примечания:
A43: 1. Таблица заполняется по системам теплоснабжения, по виду и параметрам теплоносителя, если при установлении цен (тарифов) применяется такая дифференциация.
A44: 2. Строки 1,…, n заполняются в случае расчета тарифов без дифференциации по видам теплоносителя:
A45: для источника тепловой энергии 1: гр.9 = гр.3 стр.1 / гр.4 стр.1;
A46: для источника тепловой энергии n: гр.9 = гр.3 стр.n / гр.4 стр.n.
A47: 3. При дифференциации по видам теплоносителя:
A48: для источника тепловой энергии 1: гр.9 = гр.8 / гр.4 + (гр.3 стр.1 – гр.8 стр.1) / гр.4 стр.1;
A49: для источника тепловой энергии n: гр.9 = гр.8 / гр.4 + (гр.3 стр.n – гр.8 стр. n) / гр.4 стр.n.
A50: 4. Гр.10 = гр.8 / гр.4.
A51: 5. Гр.11 заполняется только в строках 1, …, n. Гр.11 = (гр.3 – гр.8) / (гр.6*М), где М = 12.
A52: 6. Строка n+1 заполняется в случае расчета одноставочных или двуставочных тарифов для источников тепловой энергии, расположенных в пределах одной системы теплоснабжения и принадлежащих одной регулируемой организации на праве собственности или на ином законном основании. При этом тарифы рассчитываются как средневзвешенные значения по источникам тепловой энергии 1, …, n в соответствии с главой IX.I настоящих Методических указаний;
A53: 7. В случае наличия нерегулируемых долгосрочных договоров, заключенных в отношении источника тепловой энергии в соответствии с главой IX.VIII настоящих Методических указаний:
... A55: для источника тепловой энергии n: гр.10 = гр.8 / гр.4; гр.11 = (гр.3 стр.n - гр.8 стр.n) / (гр.6 стр.n – гр.7 стр.n)*М, где М=12; гр.9 = гр.10 + (гр.3 стр. n- гр.8 стр. n) / (гр.4 стр.n – гр.5 стр.n).
B60: ='Таблица 5.4'!B19 -> Бухгалтер | H60: ='Таблица 4.3'!P29 -> Сергеева Д.М.

Sheet передача по сетям
A1: Справка за 2015 год.
A4: Полезный отпуск тепловой энергии всего составил | F4: 18097 | G4: Гкал
A6: Полезный отпуск тепловой энергии без передачи по сетям МУП «Яргорэнергосбыт» составил | F6: 42.91 | G6: Гкал
A8: Затраты на передачу по сетям МУП «Яргорэнергосбыт» тепловой энергии | F8: 192524.67 | G8: рублей
A10: Затраты на 1 Гкал составили | F10: 10.66377 | G10: рублей
A16: Экономист | F16: А.А. Аксенова

Sheet Таблица 4.12
A1: Приложение 4.12
A4: Справка об объектах капитальных вложений
A6: тыс. руб.
A7: Наименование объекта капитальных вложений | B7: Утверждено на базовый период | C7: Выполнено в течение базового периода | D7: Источник финанси-рования на базовый период | E7: План на период регули-рования | F7: Источник финансирования на период регулирования
A9: 1 | B9: 2 | C9: 3 | D9: 4 | E9: 5 | F9: 6
A10: Всего
A11: в т.ч.
A17: Примечания:
A18: 1. Заполняется по каждому виду регулируемой деятельности, по каждой теплоснабжающей, теплосетевой организации, в целом по единой теплоснабжающей организации.
A19: 2. Представляется одновременно с копией утвержденной в установленном порядке инвестиционной программы (или проектом инвестиционной программы).

Sheet Таблица 5.5
A2: Приложение 5.5
A3: Расчет экономии операционных расходов
A4: N п.п. | B4: Показатели | C4: Единица измерения | D4: Год i1-4 | E4: Год i1-3 | F4: Год i1-2 | G4: Год i1-1 | H4: Год i1
A5: 1 | B5: 1 | C5: 2 | D5: 3 | E5: 4 | F5: 5 | G5: 6 | H5: 7
A6: 1 | B6: Скорректированные операционные расходы | C6: тыс. руб.
A7: 2 | B7: Фактические операционные расходы | C7: тыс. руб.
A8: 3 | B8: Экономия операционных расходов | C8: тыс. руб.
A9: 4 | B9: Прирост экономии операционных расходов | C9: тыс. руб.
A10: 5 | B10: Индекс потребительских цен
A11: 6 | B11: Кумулятивное значение индекса потребительских цен | D11: - | H11: -
A12: 7 | B12: Прирост экономии операционных расходов в ценах года i1 | D12: -
A13: 8 | B13: Экономия операционных расходов, учитываемая в очередном долгосрочном периоде регулирования | C13: тыс. руб. | D13: - | E13: - | F13: - | G13: -
A15: Примечания:
A16: 1. Приложение заполняется за предшествующий долгосрочный период регулирования.1. Приложение заполняется за предшествующий долгосрочный период регулирования.
A17: 2. i1 – последний год текущего долгосрочного периода регулирования;2. i1 – последний год текущего долгосрочного периода регулирования;
A18: 3. Стр.3 = стр.1 – стр.23. Стр.3 = стр.1 – стр.2
A19: 4. В строке 4: гр.3 = гр.3 стр.3;4. В строке 4: гр.3 = гр.3 стр.3;
A20: гр.4 = гр.4 стр.3 – гр.3 стр.3 * (1 + гр.4 стр.5)
A21: гр.5 = гр.5 стр.3 – гр.4 стр.3 * (1 + гр.5 стр.5)
A22: гр.6 = гр.6 стр.3 – гр.5 стр.3 * (1 + гр.6 стр.5)
A23: гр.7 = гр.7 стр.3 – гр.6 стр.3 * (1 + гр.7 стр.5)
A24: 5. В строке 6: гр.4 = (1 + гр.5 стр.5) * (1 + гр.6 стр.5) * (1 + гр.7 стр.5)5. В строке 6: гр.4 = (1 + гр.5 стр.5) * (1 + гр.6 стр.5) * (1 + гр.7 стр.5)
A25: гр.5 = (1 + гр.6 стр.5) * (1 + гр.7 стр.5)
A26: гр.6 = (1 + гр.7 стр.5)
... A33: гр.8 = (4/5 * гр.7 + 3/5 * гр.6 + 2/5 * гр.5 + 1/5 * гр.4)|стр.7

Sheet Таблица 5.6
A1: Приложение 5.6
A4: Расчет экономии от снижения потребления топлива, учитываемой в очередном долгосрочном периоде регулирования
A6: N п.п. | B6: Показатели | C6: Единица измерения | D6: Год i1-4 | E6: Год i1-3 | F6: Год i1-2 | G6: Год i1-1 | H6: Год i1
A7: 1 | B7: 2 | C7: 3 | D7: 4 | E7: 5 | F7: 6 | G7: 7 | H7: 8
A8: 1 | B8: Фактический норматив удельного расхода топлива | C8: кг у.т./Гкал
A9: 2 | B9: Удельный расход топлива, учтенный при расчете тарифов | C9: кг у.т./Гкал
A10: 3 | B10: Фактический объем отпуска тепловой энергии, поставляемой с коллекторов источника тепловой энергии | C10: тыс. Гкал
A11: 4 | B11: Фактическая (расчетная) цена на топливо источника тепловой энергии | C11: руб./т у.т.
A12: 5 | B12: Экономия от снижения потребления топлива | C12: кг у.т.
A13: 6 | B13: Прирост экономии от снижения потребления топлива | C13: тыс.руб.
A14: 7 | B14: Значение индекса потребительских цен
A15: 8 | B15: Кумулятивное значение индекса потребительских цен
A16: 9 | B16: Прирост экономии от снижения потребления энергетических ресурсов в ценах года i1
A17: 10 | B17: Экономия от снижения потребления топлива, учитываемая в очередном долгосрочном периоде регулирования | C17: тыс.руб.
A19: Примечания:
A20: 1. Приложение заполняется за предшествующий долгосрочный период регулирования
A21: 2. Приложение заполняется для каждого источника тепловой энергии
A22: 3. Фактическая (расчетная) цена на топливо - с учетом затрат на его доставку и хранение, определяемая в соответствии с приложением 4.5 к настоящим Методическим указаниям с учетом остатков топлива и структуры используемого топлива, учтенной при расчете удельного расхода топлива
A23: 4. Графы строки 5 заполняются расчетным способом: гр. стр. 5 = (гр. стр. 2 – гр. стр. 1) * гр. стр. 3
A24: 5. Графы строки 6 заполняются расчетным способом: гр. стр. 6 = (гр. стр. 5 – гр. стр. 5|предыдущий год) * гр. стр. 4 / 103 . Для первого года регулирования: гр. стр. 6 = гр. стр. 5 * гр. стр. 4 / 103 .
A25: 6. В строке 8: гр.5 = (1 + гр.6) * (1 + гр.7) * (1 + гр.8) строки 7;
A26: гр.6 = (1 + гр.7) * (1 + гр.8) строки 7;
A27: гр.7 = (1 + гр.8) строки 7
A28: 7. Гр. стр.9 = гр. стр.6 * гр. стр.8, кроме гр.8
A29: гр.8 стр.9 = гр. стр.6
A30: 8. Строка 10 заполняется только в графе 8.
... A34: гр.8 = (4/5 * гр.8 + 3/5 * гр.7 + 2/5 * гр.6 + 1/5 * гр.5)|стр.9

Sheet Таблица 5.7
A1: Приложение 5.7
A4: Расчет экономии от снижения потребления прочих энергетических ресурсов, холодной воды, теплоносителя (далее в настоящем приложении – ресурсы), учитываемой в очередном долгосрочном периоде регулирования
A6: N п.п. | B6: Показатели | C6: Единица измерения | D6: Год i1-4 | E6: Год i1-3 | F6: Год i1-2 | G6: Год i1-1 | H6: Год i1
A7: 1 | B7: 2 | C7: 3 | D7: 4 | E7: 5 | F7: 6 | G7: 7 | H7: 8
A8: 1 | B8: Фактический объем полезного отпуска соответствующего вида продукции (услуг)
A9: 2 | B9: Объем полезного отпуска соответствующего вида продукции (услуг), учтенный при установлении тарифов
A10: 3 | B10: Объем потребления ресурса, учтенный при установлении тарифов
A11: 4 | B11: Фактический объем потребления ресурса
A12: 5 | B12: Фактическая стоимость приобретения (производства) единицы ресурса
A13: 6 | B13: Экономия от снижения потребления ресурсов | C13: тыс.руб.
A14: 7 | B14: Прирост экономии от снижения потребления ресурсов | C14: тыс.руб.
A15: 8 | B15: Значение индекса потребительских цен
A16: 9 | B16: Кумулятивное значение индекса потребительских цен
A17: 10 | B17: Прирост экономии от снижения потребления ресурсов в ценах года i1 | C17: тыс.руб.
A18: 11 | B18: Экономия от снижения потребления ресурсов, учитываемая в очередном долгосрочном периоде регулирования | C18: тыс.руб.
A20: Примечания:
A21: 1. Приложение заполняется за предшествующий долгосрочный период регулирования
A22: 2. Приложение заполняется для каждого вида ресурсов.
A23: 3. Графы строки 6 заполняются расчетным способом: гр. стр. 6 = гр. стр. 1 / гр. стр. 2 * гр. стр. 3- гр.стр.4
A24: 4. Графы строки 7 заполняются расчетным способом: гр. стр. 7 = (гр. стр. 6 – гр. стр. 6|предыдущий год) * гр. стр. 5. Для первого года регулирования: стр. 7 = гр. стр. 6 * гр. стр. 5. Необходимо согласовать единицы измерения всех показателей для того, чтобы выразить прирост экономии от снижения потребления ресурсов в тыс. руб.
A25: 5. В строке 9: гр.5 = (1 + гр.6) * (1 + гр.7) * (1 + гр.8) строки 8;
A26: гр.6 = (1 + гр.7) * (1 + гр.8) строки 8;
A27: гр.7 = (1 + гр.8) строки 8
A28: 6. Гр. стр.10 = гр. стр.7 * гр. стр.9, кроме гр.8
A29: гр.8 стр.10 = гр. стр.7
A30: 7. Строка 11 заполняется только в графе 8.
A31: Если предшествующий долгосрочный период регулирования составляет 3 года:
... A34: гр.8 = (4/5 * гр.8 + 3/5 * гр.7 + 2/5 * гр.6 + 1/5 * гр.5)|стр.10

Sheet Анализ
G6: 2 полуг. 2013 | H6: 1 полуг. 2014 | I6: 2 полуг. 2014 | J6: 1 полуг. 2015 | K6: 2 полуг. 2015
F8: Тариф предложенный "ЯФВО" с учетом энергосбыта | G8: 1248.77 | H8: 1469.38 | J8: Ошибка:520
F10: Тариф "ЯФВО" факт | G10: 1133.59
F12: Тариф установленный ДТиЭ (без НДС) без тарифа энергосбыта | G12: 966.46 | H12: 966.46 | I12: 1066.92 | J12: 1006.92 | K12: 1125.15
F14: Тариф установленный ДТиЭ (без НДС) тарифом энергосбыта | G14: 1160.41 | H14: 1160.41 | I14: 1210.73 | J14: 1210.73
F16: Тариф установленный ДТиЭ (с НДС) с тарифом энергосбыта | G16: 1369.28 | H16: 1369.28 | I16: 1428.66 | J16: 1428.66

Sheet Индексы
B3: Прогноз социально-экономического развития Российской Федерации на 2022 год и на плановый период 2023 и 2024 годов, одобренный на заседании Правительства Российской Федерации 21.09.2021, размещенный на сайте Минэкономразвития России 30.09.2021
B4: Индексация регулируемых цен (тарифов) на продукцию (услуги) отраслей инфраструктурного сектора на 2022-2026 гг.
B5: (предельные максимальные индексы), %
B6: Показатели | C6: ед.изм. | D6: 2018 (из прогноза на 2020, в новом нет) | E6: 2019 (из прогноза на 2021, в новом нет) | F6: 2020 | G6: 2021 | H6: 2022 | I6: 2023 | J6: 2024 | K6: 2025 | L6: 2026
D8: прогноз (от 21.09.2021)
B9: Индекс потребительских цен (на конец года) | C9: % к декабрю | D9: 1.043 | E9: 1.03 | F9: 1.049 | G9: 1.058 | H9: 1.04 | I9: 1.04 | J9: 1.04 | K9: 1.04 | L9: 1.04
B10: Индекс потребительских цен (в среднем за год) | C10: % г/г | D10: 1.029 | E10: 1.045 | F10: 1.034 | G10: 1.06 | H10: 1.043 | I10: 1.04 | J10: 1.04 | K10: 1.04 | L10: 1.04
B11: Природный газ | C11: с 01.07.хх | D11: июль 1,034% | E11: июль 1,014% | F11: июль 1,030% | G11: июль 1,030% | H11: июль 1,050% | I11: июль 1,040% | J11: июль 1,040% | K11: июль 1,040% | L11: июль 1,040%
B12: - транспортировка газа по распределительным сетям | C12: с 01.07.хх | D12: июль 1,034% | E12: июль 1,014% | F12: июль 1,032% | G12: июль 1,037% | H12: июль 1,040% | I12: июль 1,040% | J12: июль 1,040% | K12: июль 1,040% | L12: июль 1,040%
B13: Электроэнергия | C13: в % г/г | D13: 1.039 | E13: 1.041 | F13: 1.029 | G13: 1.034 | H13: 1.035 | I13: 1.04 | J13: 1.04 | K13: 1.04 | L13: 1.04
B14: Холодное водоснабжение, водоотведение | C14: в % г/г | D14: 1.031 | E14: 1.041 | F14: 1.055 | G14: 1.039 | H14: 1.039 | I14: 1.04 | J14: 1.04 | K14: 1.04 | L14: 1.04
B15: Нефтепродукты (ГСМ, мазут) | C15: в % г/г | D15: 1.271 | E15: 0.97 | F15: 0.898 | G15: 1.412 | H15: 1.001 | I15: 0.975 | J15: 1.002 | K15: 1.002 | L15: 1.002
B16: Уголь энергетический, каменный | C16: в % г/г | D16: 1.109 | E16: 0.995 | F16: 0.926 | G16: 1.165 | H16: 1.039 | I16: 1.04 | J16: 1.04 | K16: 1.04 | L16: 1.04
B17: Древесина, производство из дерева (щепа, опилки) | C17: в % г/г | D17: 1.087 | E17: 1.036 | F17: 1.016 | G17: 1.256 | H17: 1.045 | I17: 1.039 | J17: 1.042 | K17: 1.042 | L17: 1.042
B18: Совокупный платеж граждан за коммунальные услуги - размеры индексации | C18: с 01.07.хх | D18: июль 1,04 | E18: июль 1,024 | F18: июль 1,04 | G18: июль 1,04 | H18: июль 1,04 | I18: июль 1,04 | J18: июль 1,04 | K18: июль 1,04 | L18: июль 1,04
B19: Услуги организаций ЖКХ | C19: % к декабрю | D19: 1.039 | E19: 1.046 | F19: 1.038 | G19: 1.038 | H19: 1.039 | I19: 1.039 | J19: 1.039 | K19: 1.039 | L19: 1.039
C20: % г/г | D20: 1.042 | E20: 1.056 | F20: 1.033 | G20: 1.037 | H20: 1.037 | I20: 1.039 | J20: 1.039 | K20: 1.039 | L20: 1.039

Sheet о переводе в м.о.
C2: Перевод основных средств в малоценное оборудование № 18 от 31 декабря 2021 г.
C6: Организация: | E6: Общество с ограниченной ответственностью "Ярославская фабрика валяной обуви"
C8: Подразделение: | E8: Паросиловое хозяйство
C10: № | D10: Основное средство | F10: Инв. № | G10: Артикул | H10: Малоценное оборудование, Сотрудник | I10: Стоимость
C11: 13 | D11: Затвор ЗПДЭ ДУ 40 Ру 16 кв 11 | F11: 0000636 | H11: Затвор ЗПДЭ ДУ 40 Ру 16 кв 11 | I11: 14841.99
C13: 14 | D13: Комплекс для учета газа СГ ЭК | F13: 323 | H13: Комплекс для учета газа СГ ЭК | I13: 71658
C15: 18 | D15: Насос | F15: 000796 | H15: Насос | I15: 54463.07
C17: 28 | D17: Насос СМ 150-125-315/4 | F17: 000752 | H17: Насос СМ150-125-315/4 без двигателя на плите | I17: 54733.07
C19: 29 | D19: Насос ЦНГС 38-198 б/дв. б/р(200м2) | F19: БП-000001 | H19: Насос ЦНГС 38-198 б/дв. б/р(200м2) | I19: 59576.27
C21: 38 | D21: Подогреватель паровод. | F21: 170 | H21: Подогреватель паровод. | I21: 18650.98
C23: 39 | D23: Подогреватель паровод. | F23: 300 | H23: Подогреватель паровод. | I23: 14525
C25: 40 | D25: Преобразователь частоты RVL00465C2H1SSS | F25: 0000757 | H25: Преобразователь частоты RVL00465C2H1SSS | I25: 48498.73
C27: 41 | D27: Преобразователь частоты RVS00725A2H0SSSA1A2 | F27: 0000758 | H27: Преобразователь частоты RVS00725A2HOSSSA1A2 | I27: 79389.81
C29: 42 | D29: Преобразователь частоты РМ-Р540-30К-РУС | F29: 00000703 | H29: Преобразователь частоты РМ-Р540-30К-РУС | I29: 92665.41
C31: 43 | D31: Прибор СОУ | F31: 450 | H31: Прибор СОУ | I31: 18100
C33: 53 | D33: Счетчик газа турбинный СГ-16Мт-400 | F33: 0000753 | H33: Счетчик газа турбинный СГ-16МТ-400 | I33: 53552.29
H35: Итого: | I35: =SUM(I11:I34) -> 580654.62
D37: Главный бухгалтер | F37: Ераулина О. А.
D38: Бухгалтер | F38: Назаренко А.Ю.
